 Dungeon Crawl Stone Soup version 0.30-a0-956-gcec3b41aec (webtiles) character file.

Game seed: 6399132729363978700

12386312 UltrafastDeath the Petrodigitator (level 27, 199/199 HPs)
             Began as a Gargoyle Earth Elementalist on Mar 28, 2023.
             Was the Champion of Vehumet.
             Escaped with the Orb
             ... and 15 runes on Mar 30, 2023!
             The game lasted 05:59:48 (133071 turns).

UltrafastDeath the Petrodigitator (GrEE)          Turns: 133071, Time: 05:59:49

Health: 199/199    AC: 38    Str:  8    XL:     27
Magic:  39/63      EV: 16    Int: 32    God:    Vehumet [******]
Gold:   12053      SH: 22    Dex: 10    Spells: 0/80 levels left

rFire   + + .      SeeInvis +    x - +9 staff of Wucad Mu {*channel}
rCold   + + +      Faith    .    i - +5 kite shield {reflect}
rNeg    + + .      Spirit   .    O - +2 robe {Archmagi}
rPois   ∞          Reflect  +    r - +0 mask of the Dragon {Will+ Slay+3 SInv}
rElec   +          Rampage  .    Y - +2 cloak {Will+}
rCorr   .          Archmagi +    v - +2 pair of gloves
Will    +++++      Clarity  +    g - +0 pair of boots of Hedge Wizardry {rC++ Int+6}
Stlth   +++                      J - amulet of Ilareot {RegenMP rC+ Regen+ SInv}
HPRegen 1.33/turn                s - ring "Dickyogy" {rC+ rN+ Will++ MP+9 Stlth-}
MPRegen 0.78/turn                n - ring of Ilergh {Wiz rElec rF+++ Str-4 Dex-2}

@: flying, very slightly contaminated, studying 7 skills
A: sickness immunity, AC +20, big wings, negative energy resistance 1,
electricity resistance, torment resistance 1, petrification resistance, hooves
1, iridescent scales 1, large bone plates 1, clarity, deformed body, shaggy fur
2, weak 1, wild magic 1, heat vulnerability 1, noise suppression
0: Orb of Zot
}: 15/15 runes: barnacled, slimy, silver, golden, iron, obsidian, icy, bone,
abyssal, demonic, glowing, magical, fiery, dark, gossamer
a: Renounce Religion


You escaped.
You worshipped Vehumet.
Vehumet was exalted by your worship.
You visited 18 branches of the dungeon, and saw 88 of its levels.
You visited Pandemonium 2 times, and saw 20 of its levels.
You visited the Abyss 2 times.
You completed 2 ziggurats, and saw 54 of their levels.
You also visited: Wizlab.

You collected 16431 gold pieces.
You spent 4378 gold pieces at shops.

Inventory:

Hand Weapons
 x - the +9 staff of Wucad Mu (weapon) {*channel}
   (You found it on level 24 of a ziggurat)

   *Channel:  It occasionally powers its wielder's spells, but with a chance of
   causing confusion or draining the wielder's intelligence.
   It becomes more likely to activate and less likely to backfire with increased
   Evocations skill.
Missiles
 d - 6 throwing nets
 F - 7 curare-tipped darts
 X - 22 atropa-tipped darts
Armour
 g - the +0 pair of boots of Hedge Wizardry (worn) {rC++ Int+6}
   (You found it on level 5 of a ziggurat)

   Int:       It affects your intelligence (+6).
   rC:        It greatly protects you from cold.
 i - a +5 kite shield of reflection (worn)
 r - the +0 mask of the Dragon (worn) {Will+ Slay+3 SInv}
   (You found it on level 3 of the Tomb of the Ancients)

   Slay:      It affects your accuracy & damage with ranged weapons and melee
   (+3).
   SInv:      It lets you see invisible.
   Will:      It increases your willpower.
 v - a +2 pair of gloves (worn)
 O - a +2 robe of the Archmagi (worn)
 Y - a +2 cloak of willpower (worn)
Magical Staves
 a - the staff of earth "Xaomp" {rCorr MP+9 Str-2 Dex+2}
   (You found it on level 19 of a ziggurat)

   [staff of earth]

   Base accuracy: +5 Base damage: 5 Base attack delay: 1.2 This weapon's minimum
   attack delay (0.6) is reached at skill level 12.
   Str:       It affects your strength (-2).
   Dex:       It affects your dexterity (+2).
   MP:        It affects your magic capacity (+9).
   rCorr:     It protects you from acid and corrosion.
   It falls into the 'Staves' category.
   It is a one-handed weapon.
Jewellery
 c - the amulet of the Air {Inacc Air Fly rElec RMsl}
   (You found it on level 3 of the Tomb of the Ancients)

   [amulet of nothing]

   Inacc:     It reduces the accuracy of your attacks and spells.
   Air:       It enhances your air magic.
   rElec:     It insulates you from electricity.
   Fly:       It grants you flight.
   RMsl:      It protects you from missiles.
 n - the ring of Ilergh (right hand) {Wiz rElec rF+++ Str-4 Dex-2}
   (You found it on level 4 of the Realm of Zot)

   [ring of wizardry]

   It improves your spell success rate.
   Str:       It affects your strength (-4).
   Dex:       It affects your dexterity (-2).
   rF:        It renders you almost immune to fire.
   rElec:     It insulates you from electricity.
 s - the ring "Dickyogy" (left hand) {rC+ rN+ Will++ MP+9 Stlth-}
   (You found it on level 18 of a ziggurat)

   [ring of magical power]

   rC:        It protects you from cold.
   rN:        It protects you from negative energy.
   MP:        It affects your magic capacity (+9).
   Will:      It greatly increases your willpower.
   Stlth:     It makes you less stealthy.
 J - the amulet of Ilareot (around neck) {RegenMP rC+ Regen+ SInv}
   (You found it on level 25 of a ziggurat)

   [amulet of magic regeneration]

   It increases your rate of magic regeneration.
   rC:        It protects you from cold.
   SInv:      It lets you see invisible.
   Regen:     It increases your rate of health regeneration.
 P - the dreamshard necklace {*Dream Drain}
   (You found it on level 11 of a ziggurat)

   [amulet of nothing]

   *Dream:    It shatters if its wearer takes lethal or near-lethal damage,
   preventing the blow and releasing protective dreams that heal and fight for
   the wearer.
   Drain:     It drains your maximum health when unequipped.
 S - the amulet of the Four Winds {rN+ Will+++ Clar}
   (You found it on level 17 of a ziggurat)

   [amulet of nothing]

   rN:        It protects you from negative energy.
   Clar:      It protects you against confusion.
   Will:      It greatly increases your willpower.
Wands
 q - a wand of light (22) (quivered)
 t - a wand of roots (40)
 u - a wand of charming (53)
 G - a wand of mindburst (33)
 R - a wand of digging (16)
 V - a wand of flame (73)
Scrolls
 l - 21 scrolls of immolation
 p - 19 scrolls of vulnerability
 y - a scroll of poison
 z - 16 scrolls of blinking
 D - 4 scrolls of fear
 E - 43 scrolls of teleportation
 I - 8 scrolls of magic mapping
 M - 28 scrolls of fog
 Q - 4 scrolls of summoning
Potions
 b - 8 potions of might
 e - 10 potions of attraction
 f - 5 potions of heal wounds
 h - 3 potions of lignification
 j - 6 potions of resistance
 k - 25 potions of curing
 m - 11 potions of invisibility
 o - 8 potions of brilliance
 B - 7 potions of magic
 C - 9 potions of cancellation
 T - 31 potions of mutation
Miscellaneous
 w - a tin of tremorstones (2/2)
 A - a box of beasts
 K - 2 +2 figurines of a ziggurat
 L - a phantom mirror
 N - a phial of floods
 U - a condenser vane
 Z - the horn of Geryon


   Skills:
 O Level 27 Fighting
 - Level 2.0 Short Blades
 - Level 14.0 Staves
 + Level 14.4 Throwing
 - Level 18.0 Armour
 - Level 15.0 Dodging
 + Level 23.1 Stealth
 - Level 18.0 Shields
 O Level 27 Spellcasting
 O Level 27 Conjurations
 O Level 27 Necromancy
 * Level 13.4 Transmutations
 O Level 27 Fire Magic
 - Level 25.5 Ice Magic
 - Level 23.6 Air Magic
 O Level 27 Earth Magic
 + Level 19.2 Evocations


You couldn't memorise any spells.
You knew the following spells:

 Your Spells              Type           Power      Damage    Failure   Level
a - Fire Storm            Conj/Fire      80%        8d20      3%          9
b - Shatter               Erth           80%        3d58*     3%          9
c - Necromutation         Tmut/Necr      73%        N/A       10%         8
d - Ignition              Fire           80%        3d21      1%          8
e - Borgnjor's Vile Clut  Necr/Erth      80%        N/A       2%          5
f - Lehudib's Crystal Sp  Conj/Erth      80%        10d18     1%          8
g - Chain Lightning       Conj/Air       79%        3d105     4%          9
h - Polar Vortex          Ice            79%        N/A       3%          9
i - Irradiate             Conj/Tmut      73%        3d36      1%          5
j - Apportation           Tloc           100%       N/A       9%          1
k - Yara's Violent Unrav  Hex/Tmut       53%        3d20      3%          5
l - Passwall              Tmut/Erth      100%       N/A       2%          2
n - Blink                 Tloc           100%       N/A       10%         2

Your spell library contained the following spells:

 Spells                   Type           Power      Damage    Failure   Level
 Foxfire                  Conj/Fire      100%       2x1d6     1%          1
 Freeze                   Ice            100%       1d10      1%          1
 Kiss of Death            Conj/Necr      100%       2d13      1%          1
 Magic Dart               Conj           100%       1d8       1%          1
 Sandblast                Erth           100%       2d20      1%          1
 Shock                    Conj/Air       100%       1d9       1%          1
 Momentum Strike          Conj/Tloc      100%       3d10      1%          2
 Poisonous Vapours        Pois/Air       100%       N/A       1%          2
 Scorch                   Fire           100%       2d10      1%          2
 Searing Ray              Conj           100%       2d8       1%          2
 Static Discharge         Conj/Air       100%       2-7/arc   1%          2
 Dazzling Flash           Conj/Hex       100%       N/A       1%          3
 Frozen Ramparts          Ice            100%       1d16      1%          3
 Hailstorm                Conj/Ice       100%       3d20      1%          3
 Ignite Poison            Fire/Tmut/Pois 100%       N/A       1%          3
 Inner Flame              Hex/Fire       100%       N/A       1%          3
 Kindle Blastsparks       Fire/Tloc/Air  100%       2d18      1%          3
 Mephitic Cloud           Conj/Pois/Air  100%       N/A       1%          3
 Stone Arrow              Conj/Erth      100%       3d13      1%          3
 Flame Wave               Conj/Fire      100%       2d21      1%          4
 Fulminant Prism          Conj/Hex       64%        3d26      1%          4
 Iskenderun's Mystic Bla  Conj/Tloc      100%       2d19      1%          4
 Sticky Flame             Conj/Fire      100%       2d11      1%          4
 Arcjolt                  Conj/Air       79%        1d89      1%          5
 Fireball                 Conj/Fire      80%        3d30      1%          5
 Freezing Cloud           Conj/Ice/Air   79%        6-21      1%          5
 Iskenderun's Battlesphe  Conj           100%       2d15      1%          5
 Lee's Rapid Deconstruct  Erth           80%        3d36*     1%          5
 Plasma Beam              Fire/Air       79%        2x1d70    1%          5
 Conjure Ball Lightning   Conj/Air       79%        3x3d30    1%          6
 Iron Shot                Conj/Erth      80%        9d15      1%          6
 Starburst                Conj/Fire      80%        6d20      1%          6
 Orb of Destruction       Conj           80%        9d18      1%          7
 Ozocubu's Refrigeration  Ice            79%        4d25      1%          7
 Maxwell's Capacitive Co  Air            77%        ∞         1%          8
 Beastly Appendage        Tmut           100%       N/A       2%          1
 Necrotise                Necr           100%       1d9       2%          1
 Ensorcelled Hibernation  Hex/Ice        100%       N/A       2%          2
 Wereblood                Tmut           100%       N/A       2%          2
 Ozocubu's Armour         Ice            100%       N/A       2%          3
 Swiftness                Air            100%       N/A       2%          3
 Vampiric Draining        Necr           100%       2d13      2%          3
 Vhi's Electric Charge    Tloc/Air       100%       N/A       2%          3
 Animate Dead             Necr           100%       N/A       2%          4
 Dispel Undead            Necr           100%       3d31      2%          4
 Ice Form                 Ice/Tmut       100%       N/A       2%          4
 Petrify                  Tmut/Erth      100%       N/A       2%          4
 Agony                    Necr           100%       N/A       2%          5
 Death Channel            Necr           80%        N/A       2%          6
 Simulacrum               Ice/Necr       80%        N/A       2%          6
 Anguish                  Hex/Necr       64%        N/A       3%          4
 Animate Armour           Summ/Erth      100%       N/A       3%          4
 Leda's Liquefaction      Hex/Erth       64%        N/A       3%          4
 Summon Ice Beast         Ice/Summ       100%       N/A       3%          4
 Sting                    Tmut/Pois      100%       1d8       4%          1
 Spider Form              Tmut/Pois      100%       N/A       4%          3
 Summon Lightning Spire   Summ/Air       100%       N/A       4%          4
 Blade Hands              Tmut           64%        N/A       4%          5
 Metabolic Englaciation   Hex/Ice        63%        N/A       4%          5
 Spellforged Servitor     Conj/Summ      64%        N/A       4%          7
 Borgnjor's Revivificati  Necr           80%        N/A       4%          8
 Infestation              Necr           80%        N/A       4%          8
 Silence                  Hex/Air        62%        N/A       5%          5
 Storm Form               Tmut/Air       71%        N/A       6%          7
 Olgreb's Toxic Radiance  Pois           71%        N/A       7%          4
 Eringya's Noxious Bog    Tmut/Pois      53%        N/A       7%          6
 Slow                     Hex            100%       N/A       9%          1
 Summon Small Mammal      Summ           100%       N/A       9%          1
 Call Imp                 Summ           71%        N/A       10%         2
 Lesser Beckoning         Tloc           100%       N/A       10%         2
 Alistair's Intoxication  Tmut/Pois      70%        N/A       10%         5
 Death's Door             Necr           80%        N/A       10%         9
 Call Canine Familiar     Summ           71%        N/A       12%         3
 Confusing Touch          Hex            71%        N/A       12%         3
 Gell's Gravitas          Tloc           71%        N/A       12%         3
 Portal Projectile        Hex/Tloc       100%       N/A       12%         3
 Summon Guardian Golem    Hex/Summ       71%        N/A       12%         3
 Teleport Other           Tloc           71%        N/A       12%         3
 Tukima's Dance           Hex            71%        N/A       12%         3
 Cause Fear               Hex            35%        N/A       22%         4
 Manifold Assault         Tloc           71%        N/A       22%         4
 Passage of Golubria      Tloc           71%        N/A       22%         4
 Summon Forest            Summ/Tloc      35%        N/A       38%         5
 Summon Mana Viper        Hex/Summ       71%        N/A       38%         5
 Dispersal                Tloc           35%        N/A       80%         6
 Summon Cactus Giant      Summ           35%        N/A       80%         6
 Enfeeble                 Hex            35%        N/A       99%         7
 Malign Gateway           Summ/Tloc      35%        N/A       99%         7
 Monstrous Menagerie      Summ           35%        N/A       99%         7
 Summon Hydra             Summ           35%        N/A       99%         7
 Discord                  Hex            35%        N/A       100%        8
 Disjunction              Tloc           35%        N/A       100%        8
 Summon Horrible Things   Summ           35%        N/A       100%        8
 Cigotuvi's Dreadful Rot  Necr/Pois/Air  Unusable   N/A       N/A         2
 Sublimation of Blood     Necr           Unusable   N/A       N/A         2
 Statue Form              Tmut/Erth      Unusable   N/A       N/A         6

Dungeon Overview and Level Annotations

Branches:
Dungeon (15/15)            Temple (1/1) D:4            Lair (5/5) D:11
 Shoals (4/4) Lair:2       Spider (4/4) Lair:3        Slime (5/5) Lair:5
    Orc (2/2) D:12            Elf (3/3) Orc:2        Vaults (5/5) D:14
  Crypt (3/3) Vaults:2       Tomb (3/3) Crypt:3      Depths (4/4) D:15
   Hell (visited)             Dis (7/7) Hell            Geh (7/7) Hell
    Coc (7/7) Hell            Tar (7/7) Hell            Zot (5/5) Depths:4
 WizLab (visited)

Altars:
Ashenzari
Cheibriados
Dithmenos
Elyvilon
Fedhas
Gozag
Hepliaklqana
Kikubaaqudgha
Makhleb
Nemelex Xobeh
Okawaru
Qazlal
Ru
Sif Muna
Trog
Uskayaw
Vehumet
Wu Jian
Xom
Yredelemnul
Zin
The Shining One
Lugonu

Shops:
D:5 :   D:7 (   D:14 !   Orc:2 =(:[   Elf:1 *   Shoals:1 ?   Depths:2 (

Portals:
Hell: Depths:1 Depths:2 Depths:3 Depths:4
Abyss: Depths:1 Depths:3
Pandemonium: Depths:1 Depths:2 Depths:4
Trove: Vaults:3 (give 5 scrolls of blinking)

Annotations:
D:13 2 transporters, UltrafastDeath's ghost, journeyman DgHW
Lair:1 1 runed translucent door, Vutiel's ghost, journeyman DrNe
Lair:5 1 runed translucent door, 1 exclusion
Depths:3 exclusion: door


Innate Abilities, Weirdness & Mutations

You are immune to sickness and miasma.
Your stone body is resilient. (AC +20)
You are immune to poison.
Your large and strong wings let you fly.
You resist negative energy. (rN+)
You are resistant to electric shocks. (rElec)
You are resistant to unholy torment.
You are immune to petrification.
You have large cloven feet.
You are partially covered in iridescent scales. (AC +2)
You are partially covered in large bone plates. (SH +4)
You possess an exceptional clarity of mind.
Armour fits poorly on your strangely shaped body.
You are covered in thick fur. (AC +2)
You are weak. (Str -2)
Your spells are a little harder to cast, but a little more powerful.
You are vulnerable to heat. (rF-)
You passively dampen the noise of your surroundings.


Message History

The dungeon rumbles!
Ka-crash!
Casting: Shatter (dangerous; 3% risk of failure)
Confirm with . or Enter, or press ? or * to list all spells.
You feel a surge of power!
The dungeon rumbles!
Ka-crash!
Casting: Shatter (dangerous; 3% risk of failure)
Confirm with . or Enter, or press ? or * to list all spells.
You feel a surge of power!
The dungeon rumbles!
Ka-crash!
Magical energy flows into your mind!
Casting: Shatter (dangerous; 3% risk of failure)
Confirm with . or Enter, or press ? or * to list all spells.
You feel a surge of power!
The dungeon rumbles!
Ka-crash!
Casting: Shatter (dangerous; 3% risk of failure)
Confirm with . or Enter, or press ? or * to list all spells.
You feel a surge of power!
The dungeon rumbles!
Ka-crash!
Magical energy flows into your mind!
Casting: Shatter (dangerous; 3% risk of failure)
Confirm with . or Enter, or press ? or * to list all spells.
You feel a surge of power!
The dungeon rumbles!
Ka-crash!
Casting: Shatter (dangerous; 3% risk of failure)
Confirm with . or Enter, or press ? or * to list all spells.
You feel a surge of power!
The dungeon rumbles!
Ka-crash!
Magical energy flows into your mind!
Casting: Shatter (dangerous; 3% risk of failure)
Confirm with . or Enter, or press ? or * to list all spells.
You feel a surge of power!
You miscast Shatter.
You are very lightly contaminated with residual magic.
You feel a surge of energy from the ground.
Magical energy flows into your mind!
Casting: Shatter (dangerous; 3% risk of failure)
Confirm with . or Enter, or press ? or * to list all spells.
You feel a surge of power!
The dungeon rumbles!
Ka-crash!
There is a staircase leading out of the dungeon here.
You have escaped!

#### ######.........# #..
########### #.....##..# #.#
###......)..#### ###.......# #.#
...............### #.#####.# #.#
.....⌠...⌠.......# #.# #.# #.#
..⌠.........⌠...## #.# #.# #.#
.......≈.........# #.# #.# #.#
.⌠...........⌠...# #.# #.# #..
....≈.....≈.....@# #.# #.# ###
.⌠...........⌠...# #.# #.#
.......≈....)....## #.# ###.#
..⌠.........⌠.(.#.# #.##..#.#
.....⌠...⌠........##.....#..###
...............##...#.........#
###.........######..#...##...#
###########.# ##.#.......###
#####..###.##.####......#...#.#.


There were no monsters in sight!

Vanquished Creatures
  Cerebov (Pan)
  Asmodeus (Geh:7)
  Antaeus (Coc:7)
  Gloorx Vloq (Pan)
  the Royal Jelly (Slime:5)
  Ereshkigal (Tar:7)
  A seraph (Pan)
  Mnoleg (Pan)
  Lom Lobon (Pan)
  Dispater (Dis:7)
  24 pandemonium lords
  13 ancient liches
  31 dread liches
  4 orbs of fire
  Mara (Spider:3)
  6 juggernauts
  40 royal mummies
  Sojobo (Depths:3)
  12 Killer Klowns
  27 shard shrikes
  5 curse toes
  27 caustic shrikes
  Bai Suzhen (Crypt:1)
  Geryon (Hell)
  29 profane servitors
  28 golden dragons
  32 Brimstone Fiends
  Jory (Vaults:4)
  26 bone dragons
  22 Tzitzimimeh
  28 hellephants
  7 iron giants
  11 doom hounds
  8 electric golems
  A walking crystal tome (Depths:3)
  A shard shrike zombie (Crypt:2)
  28 Ice Fiends
  Zenata (Vaults:4)
  30 tentacled monstrosities
  24 liches
  25 Orb Guardians
  Jorgrun (Orc:2)
  36 Hell Sentinels
  16 tainted leviathans
  Grunn (Crypt:1)
  20 deep elf blademasters
  17 quicksilver dragons
  23 titans
  A walking divine tome (Depths:4)
  2 walking earthen tomes
  17 deep elf master archers
  20 acid blobs
  9 death cobs
  21 tentacled starspawn
  24 Executioners
  Polyphemus (Shoals:4)
  36 searing wretches
  45 ancient champions
  13 tengu reavers
  25 sphinxes
  30 draconian monks
  31 revenants
  17 shadow dragons
  16 rockslimes
  Ilsuiw (Shoals:2)
  Donald (Vaults:1)
  16 nagarajas
  5 daevas
  19 draconian knights
  12 demonspawn warmongers
  4 emperor scorpions
  26 fire giants
  29 storm dragons
  47 narguns
  21 azure jellies
  An emperor scorpion (shapeshifter) (Zig:18)
  25 frost giants
  9 quicksilver elementals
  6 iron dragons
  32 vault wardens
  82 balrugs
  10 deep elf sorcerers
  2 spectral juggernauts
  24 draconian scorchers
  4 deep elf elementalists
  4 spectral caustic shrikes
  18 ghost moths
  13 ghouls
  23 ironbound preservers
  3 caustic shrike zombies
  5 shard shrike simulacra
  A juggernaut zombie (Crypt:3)
  24 draconian shifters
  6 spriggan defenders
  19 curse skulls
  7 angels
  14 draconian annihilators
  14 draconian stormcallers
  2 broodmothers
  24 demonspawn blood saints
  27 orc warlords
  26 cacodemons
  15 demonspawn corrupters
  28 war gargoyles
  A broodmother (shapeshifter) (Vaults:5)
  26 stone giants
  9 quicksilver oozes
  A juggernaut skeleton (Zig:9)
  30 reapers
  14 ironbound thunderhulks
  32 very ugly things
  3 apis (Pan)
  42 vampire knights
  15 deep elf demonologists
  A stone giant (shapeshifter) (Zig:18)
  5 ophanim (Pan)
  12 demonspawn black suns
  Nessos (D:13)
  8 bennus
  33 deep elf annihilators
  20 elemental wellsprings
  17 black draconians
  15 green draconians
  4 eleionomae
  27 putrid mouths
  2 pale draconians (Depths:4)
  2 minotaurs (D:13)
  4 spectral titans
  24 lorocyprocas
  18 yellow draconians
  17 spark wasps
  12 dire elephants
  18 purple draconians
  38 wendigos
  2 bunyips
  A dire elephant (shapeshifter) (Zig:18)
  11 red draconians
  23 white draconians
  24 deep elf death magi
  24 blizzard demons
  24 ettins
  A spectral golden dragon (Tar:1)
  23 green deaths
  15 iron golems
  9 merfolk javelineers
  26 eidola
  31 mummy priests
  4 crystal guardians
  14 merfolk impalers
  18 jiangshi
  A spectral kraken (Tar:7)
  24 deep elf high priests
  18 entropy weavers
  19 yaktaur captains
  2 spectral iron giants
  2 spectral spriggans
  A shambling mangrove (Zig:6)
  23 great orbs of eyes
  An entropy weaver (shapeshifter) (Zig:25)
  20 fire dragons
  10 hell beasts
  36 vault guards
  6 jorogumos
  7 rakshasas
  11 caustic shrike simulacra
  2 hydras (shapeshifter)
  20 ice dragons
  7 ironbound frosthearts
  15 hydras
  27 salamander tyrants
  5 spriggan skeletons
  2 ghost crabs (Zig:2)
  7 juggernaut simulacra
  Erica (D:9)
  6 merfolk avatars
  3 ogre magi
  2 anacondas (shapeshifter)
  12 peacekeepers
  A catoblepas (Shoals:3)
  12 centaur warriors
  7 stokers
  3 alligator snapping turtles
  A satyr (shapeshifter) (Zig:18)
  4 spriggan air magi
  3 two-headed ogres
  10 radroaches
  An anaconda (Zig:26)
  2 alligator snapping turtles (shapeshifter)
  5 merfolk aquamancers
  19 boulder beetles
  4 death knights
  3 satyrs
  11 tengu warriors
  9 deep troll earth magi
  70 death scarabs
  3 alligators
  Urug (D:13)
  7 naga warriors (Zig:26)
  12 deep troll shamans
  9 death yaks
  37 hell hogs
  25 thrashing horrors
  33 dancing weapons
  35 vampire magi
  26 orc high priests
  9 spriggan berserkers
  An emperor scorpion zombie (Crypt:3)
  6 storm dragon zombies
  A titan zombie (Crypt:3)
  Sonja (Orc:2)
  5 naga sharpshooters
  2 spectral nagas
  40 soul eaters
  9 crystal echidnas
  75 sun demons
  14 hell knights
  19 deep elf knights
  A fire crab (shapeshifter) (Zig:19)
  31 wretched stars
  3 salamander mystics
  3 shock serpents
  A death drake (shapeshifter) (Zig:25)
  A storm dragon skeleton (Pan)
  20 iron trolls
  20 shadow wraiths
  A ghost moth zombie (Crypt:3)
  12 pharaoh ants
  2 skysharks (shapeshifter) (Vaults:5)
  4 sun moths
  70 deep trolls
  31 sixfirhies
  2 spatial maelstroms (Zig:13)
  A quicksilver dragon simulacrum (Coc:4)
  5 skysharks
  4 death drakes (Zig:22)
  2 golden dragon zombies (Crypt:3)
  25 skeletal warriors
  4 anaconda zombies
  10 cherubim (Pan)
  27 flayed ghosts
  2 naga ritualists
  14 glowing orange brains
  A shadow dragon zombie (Zig:17)
  4 goliath frogs
  A spriggan druid (Zig:6)
  11 sea snakes
  An orb spider (shapeshifter) (Zig:5)
  9 orb spiders
  18 deep elf archers
  26 ironbound convokers
  A spectral iron dragon (Tar:5)
  5 orange crystal statues
  6 spriggan simulacra
  A golden dragon skeleton (Crypt:3)
  6 swamp dragons
  19 lindwurms
  3 obsidian statues (Zig:1)
  A lindwurm (shapeshifter) (Zig:18)
  18 shadow demons
  18 wizards
  A bunyip skeleton (Tomb:3)
  Pikel (D:4)
  14 orc knights
  17 phantasmal warriors
  42 harpies
  31 deep elf zephyrmancers
  A tengu zombie (Vaults:2)
  16 steelbarb worms
  12 necromancers
  5 bog bodies
  A steelbarb worm (shapeshifter) (Zig:13)
  An anaconda skeleton (Abyss:2)
  2 spectral wolf spiders (Spider:2)
  58 ugly things
  93 starcursed masses
  45 deep elf pyromancers
  14 oklob plants (Zig:19)
  2 wolf spider zombies (Spider:2)
  A human zombie (Vaults:2)
  19 manticores
  19 orc sorcerers
  A faun (shapeshifter) (Zig:7)
  A shadow dragon skeleton (Zig:17)
  3 tengu skeletons
  3 mana vipers
  34 wolf spiders
  2 will-o-the-wisps
  7 worldbinders
  6 shining eyes
  18 fauns
  2 cyclopes (shapeshifter) (Zig:12)
  12 cyclopes
  A jorogumo zombie (Crypt:3)
  Maurice (Orc:2)
  A frost giant zombie (Crypt:2)
  2 human skeletons (Vaults:2)
  8 salamanders
  A moth of wrath (shapeshifter) (Zig:12)
  2 manticores (shapeshifter)
  9 apocalypse crabs
  6 elephants (Lair:2)
  A guardian serpent (shapeshifter) (Zig:19)
  4 spectral centaurs
  A stone giant skeleton (Crypt:3)
  5 ice statues
  42 moths of wrath
  An alligator snapping turtle zombie (Crypt:3)
  A centaur zombie (Crypt:3)
  14 rust devils
  16 merfolk sirens
  6 naga magi
  13 black mambas
  11 guardian serpents
  65 smoke demons
  15 water nymphs
  7 eyes of devastation
  5 spectral swamp worms (Tar:7)
  23 vault sentinels
  A torpor snail (shapeshifter) (Zig:12)
  22 demonic crawlers
  A storm dragon simulacrum (Zig:16)
  3 cane toads
  4 molten gargoyles
  4 titan simulacra
  A catoblepas zombie (Crypt:3)
  20 orange demons
  11 torpor snails
  5 gargoyles
  3 unseen horrors
  32 hellions
  A redback zombie (Crypt:3)
  Maggie (D:6)
  A rime drake (shapeshifter) (Zig:25)
  15 efreet
  A sea snake zombie (Hell)
  18 freezing wraiths
  A death yak zombie (Crypt:1)
  5 kobold demonologists
  16 rime drakes
  8 komodo dragons
  47 tormentors
  3 golden dragon simulacra
  58 yaktaurs
  A white draconian skeleton (Crypt:1)
  A silent spectre (Zig:22)
  3 tengu conjurers
  2 hydra zombies
  5 anaconda simulacra
  27 ancient zymes
  A bunyip simulacrum (Coc:1)
  A minotaur skeleton (Abyss:1)
  2 harpy zombies (Crypt:3)
  15 ice devils
  47 merfolk
  49 guardian mummies
  20 trolls
  25 hellwings
  3 meliai
  10 red devils
  4 spectral harpies
  2 iron giant simulacra
  A tengu simulacrum (Zig:18)
  A yaktaur skeleton (Vaults:2)
  2 wolf spider simulacra (Spider:2)
  4 polar bears
  A hornet (shapeshifter) (D:15)
  12 wind drakes
  Prince Ribbit (D:8)
  2 alligator zombies (Hell)
  23 hornets
  7 dream sheep (Lair:4)
  4 harpy skeletons
  51 raiju
  4 tyrant leeches
  An iron dragon simulacrum (Coc:7)
  24 tarantellas
  An ettin zombie (Abyss:1)
  A satyr zombie (Crypt:1)
  22 snapping turtles
  An ice dragon zombie (Abyss:1)
  A centaur simulacrum (D:14)
  74 flying skulls
  A stone giant simulacrum (Coc:3)
  29 jumping spiders
  2 culicivoras (shapeshifter)
  107 large abominations
  31 ushabtiu
  An ettin skeleton (Abyss:2)
  86 slime creatures
  25 vampires
  60 ynoxinuls
  15 spriggans
  28 water elementals
  11 air elementals
  A slime creature zombie (Crypt:1)
  34 yaks
  An alligator skeleton (Hell)
  33 culicivoras
  11 wraiths
  7 wyverns
  4 shadows
  6 fire elementals
  A yak (shapeshifter) (Zig:12)
  4 dire elephant simulacra
  3 black mamba skeletons
  3 fire bats (Pan)
  An alligator snapping turtle simulacrum (Coc:2)
  41 chaos spawn
  10 golden eyes
  17 steam dragons
  3 basilisks
  37 neqoxecs
  42 redbacks
  18 wargs
  16 vampire mosquitoes
  6 nagas
  48 small abominations
  13 harpy simulacra
  A swamp worm (shapeshifter) (Zig:12)
  8 acid dragons
  4 hydra simulacra
  A naga (shapeshifter) (Elf:2)
  16 water moccasins
  A water moccasin (shapeshifter) (Vaults:5)
  2 naga skeletons
  A merfolk skeleton (Crypt:3)
  19 hell hounds
  2 floating eyes (Pan)
  5 ice beasts
  A swamp drake (shapeshifter) (Vaults:5)
  9 swamp drakes
  73 orc warriors
  3 sky beasts
  5 black bears
  A boggart (Abyss:2)
  3 ettin simulacra
  An ice dragon simulacrum (Coc:4)
  28 wolves
  2 blink frog skeletons
  32 ogres
  3 centaurs
  2 phantoms
  A rime drake zombie (Crypt:2)
  4 lemures (D:4)
  Blork the orc (D:6)
  5 necrophages
  A komodo dragon zombie (Crypt:3)
  9 bullfrogs
  3 kobold brigands
  11 earth elementals
  A cyclops zombie (Crypt:3)
  A glowing shapeshifter simulacrum (Zig:16)
  A gnoll sergeant (Zig:24)
  3 naga simulacra
  3 scorpions
  A salamander skeleton (Crypt:2)
  A spriggan zombie (Crypt:3)
  A raiju zombie (Crypt:1)
  A swamp dragon simulacrum (Coc:1)
  A raiju skeleton (Crypt:1)
  10 killer bees (D:10)
  A howler monkey (D:6)
  3 electric eels
  4 quasits
  A hound (D:5)
  4 jellies
  2 centaur skeletons
  25 orc priests
  6 iguanas
  8 iron imps
  32 orc wizards
  A sleepcap (D:8)
  Ijyb (D:5)
  6 lightning spires
  A boggart skeleton (Crypt:2)
  3 naga zombies
  66 mummies
  14 gnolls
  17 adders
  5 white imps
  7 ufetubi
  2 adder skeletons (D:2)
  4 worms
  3 dart slugs
  75 orcs
  6 endoplasms
  2 giant cockroaches
  9 goblins
  6 hobgoblins
  2 jackals (D:1)
  A quokka (D:5)
  6 ball pythons
  A ball python skeleton (D:2)
  4 bats
  5 frilled lizards
  A jackal zombie (D:2)
  14 kobolds
  4 rats
  A rat skeleton (Crypt:3)
  15 ball lightnings
  8 creeping infernos
  43 fire vortices
  2 lurking horrors
  4 plants (Depths:3)
  25 starspawn tentacles
6518 creatures vanquished.

Vanquished Creatures (collateral kills)
  An ancient lich (Zot:5)
  An orb of fire (Zot:5)
  A royal mummy (Zig:9)
  Frederick (Crypt:1)
  A Tzitzimitl (Zig:14)
  A hellephant (Zig:22)
  2 tentacled monstrosities
  A lich (Zig:26)
  2 Ice Fiends
  3 Orb Guardians (Zot:5)
  A titan (Vaults:5)
  An acid blob (Zig:16)
  A tentacled starspawn (Abyss:1)
  An ancient champion (Zig:27)
  A sphinx (Zig:19)
  A shadow dragon (Vaults:5)
  3 revenants
  A demonspawn warmonger (Zig:15)
  2 storm dragons
  2 nagarajas (Zig:26)
  A draconian knight (Zig:23)
  A fire giant (Geh:7)
  An emperor scorpion (Spider:3)
  A vault warden (Zig:12)
  2 draconian annihilators
  A draconian stormcaller (Zig:27)
  2 draconian shifters
  A very ugly thing (Zig:22)
  A demonspawn corrupter (Pan)
  A quicksilver ooze (Zig:16)
  3 stone giants
  An ironbound thunderhulk (Vaults:2)
  An eleionoma (Zig:8)
  An apis (Pan)
  2 ophanim (Pan)
  A putrid mouth (Tar:6)
  A white draconian (Zig:23)
  A black draconian (Zot:3)
  A purple draconian (Zig:27)
  A demonspawn black sun (Pan)
  A spark wasp (Depths:2)
  2 starcursed masses
  A yellow draconian (Zig:27)
  A blizzard demon (Zig:15)
  An eidolon (Zig:26)
  A rakshasa (Depths:2)
  An ice dragon (Zig:22)
  A hydra (Zig:8)
  A caustic shrike simulacrum (Zig:18)
  A death scarab (Tomb:1)
  A thrashing horror (Zig:22)
  3 soul eaters (Pan)
  A shadow wraith (Zig:11)
  2 flayed ghosts
  A large abomination (Zig:15)
  A steelbarb worm (Spider:3)
  A sphinx skeleton (Zig:17)
  A shining eye (shapeshifter) (Zig:18)
  A black mamba (Zig:26)
  2 moths of wrath
  A slime creature (Zig:16)
  A vault sentinel (Vaults:5)
  A smoke demon (Zig:15)
  An anaconda simulacrum (Coc:4)
  An ancient zyme (Zig:14)
  A hornet (Depths:2)
  A silent spectre (Tar:6)
  An air elemental (Zig:25)
  A culicivora (Zig:20)
  A ynoxinul (Pan)
  A neqoxec (Pan)
  2 chaos spawn (Pan)
  A floating eye (Pan)
  An ice beast (Coc:4)
  A cyclops skeleton (Crypt:2)
  A howler monkey (D:6)
  An orc priest (D:6)
  An orc wizard (D:6)
  4 mummies
  A steam dragon zombie (Crypt:1)
  2 white imps (Coc:4)
  A plant (Depths:3)
105 creatures vanquished.

Vanquished Creatures (others)
  2 Killer Klowns (Zig:18)
  A golden dragon (Zot:5)
  2 pandemonium lords (Zig:18)
  A demonspawn warmonger (Zig:11)
  A draconian annihilator (Pan)
  A lorocyproca (Abyss:1)
  2 green deaths
  A juggernaut simulacrum (Zig:18)
  A dancing weapon (Zig:25)
  A vampire mage (Zig:25)
  A spatial maelstrom (Zig:15)
  A glowing orange brain (Pan)
  An ugly thing (Zig:18)
  A large abomination (Pan)
  A manticore (D:12)
  2 apocalypse crabs (Zig:18)
  2 smoke demons
  A hellion (Geh:7)
  2 hellwings (Pan)
  A chaos spawn (Zig:18)
  An iguana (Lair:5)
  3 ball lightnings (Pan)
  A bush (Lair:5)
  1385 fire vortices
  20 foxfires
  90 fungi
  320 plants
  9 starspawn tentacles
  4 tentacles (Tar:7)
  7 withered plants
1866 creatures vanquished.

Grand Total: 8489 creatures vanquished

Notes
Turn   | Place    | Note
-------+----------+-------------------------------------------
     0 | D:1      | UltrafastDeath the Gargoyle Earth Elementalist began the
                  | quest for the Orb.
     0 | D:1      | Reached XP level 1. HP: 10/10 MP: 3/3
   259 | D:1      | Reached XP level 2. HP: 16/16 MP: 1/5
   306 | D:1      | Reached skill level 1 in Fighting
   790 | D:1      | Reached XP level 3. HP: 20/20 MP: 1/6
   794 | D:1      | Learned a level 3 spell: Stone Arrow
  1322 | D:2      | Reached XP level 4. HP: 26/26 MP: 5/7
  2244 | D:3      | Reached XP level 5. HP: 32/32 MP: 4/9
  3309 | D:4      | Noticed a sky beast
  3356 | D:4      | Reached XP level 6. HP: 38/38 MP: 8/10
  3405 | D:4      | Killed a sky beast
  3406 | D:4      | Reached skill level 5 in Earth Magic
  3581 | D:4      | Found a glowing golden altar of the Shining One.
  3584 | D:4      | Found a white marble altar of Elyvilon.
  3584 | D:4      | Found a glowing silver altar of Zin.
  3877 | D:4      | Found a shimmering blue altar of Sif Muna.
  4126 | D:4      | Found a staircase to the Ecumenical Temple.
  4188 | D:4      | Noticed Pikel
  4331 | Temple   | Entered the Ecumenical Temple
  4460 | D:5      | Entered Level 5 of the Dungeon
  4476 | D:5      | Reached skill level 1 in Short Blades
  4725 | D:5      | Found Netamy's Book Boutique.
  4762 | D:5      | Noticed Ijyb
  4781 | D:5      | Killed Ijyb
  4782 | D:5      | Reached XP level 7. HP: 40/43 MP: 9/12
  4800 | D:5      | Learned a level 4 spell: Petrify
  4808 | D:5      | Found a shadowy altar of Dithmenos.
  5306 | D:5      | Found a hazy altar of Hepliaklqana.
  5358 | D:5      | Reached skill level 1 in Shields
  5533 | D:5      | Found a radiant altar of Vehumet.
  5537 | D:5      | Became a worshipper of Vehumet
  5624 | D:6      | Reached XP level 8. HP: 38/48 MP: 12/14
  5634 | D:6      | Noticed Blork the orc
  5642 | D:6      | Killed Blork the orc
  6076 | D:6      | Reached skill level 5 in Spellcasting
  6405 | D:6      | Noticed Maggie
  6426 | D:6      | Killed Maggie
  6427 | D:6      | Reached skill level 5 in Shields
  6904 | D:6      | Found a hide-covered altar of Uskayaw.
  6912 | D:6      | Found a stormy altar of Qazlal.
  6914 | D:6      | Found a sparkling altar of Nemelex Xobeh.
  7007 | D:7      | Reached XP level 9. HP: 48/52 MP: 4/17
  7193 | D:7      | Found an ancient bone altar of Kikubaaqudgha.
  7207 | D:7      | Identified a scroll of acquirement
  7211 | D:7      | Acquired a staff of earth
  7606 | D:7      | Found Fimun's Hydra Hut.
  7610 | D:7      | Noticed a four-headed hydra
  7659 | D:7      | Found a blossoming altar of Fedhas.
  8126 | D:8      | Noticed Erica
  8142 | D:9      | Killed Erica
  8571 | D:8      | Found a broken altar of Ashenzari.
  8573 | D:8      | Reached * piety under Vehumet
  8573 | D:8      | Offered knowledge of Foxfire by Vehumet.
  8574 | D:8      | Noticed Prince Ribbit
  8580 | D:8      | Killed Prince Ribbit
  8581 | D:8      | Reached skill level 5 in Conjurations
  8581 | D:8      | Reached XP level 10. HP: 56/56 MP: 6/20
  8602 | D:9      | Learned a level 1 spell: Foxfire
  8650 | D:9      | Reached skill level 10 in Earth Magic
  9120 | D:8      | Noticed a two-headed ogre
  9126 | D:8      | Killed a two-headed ogre
  9193 | D:8      | Found a sacrificial altar of Ru.
  9881 | D:10     | Entered Level 10 of the Dungeon
  9881 | D:10     | Noticed a kobold demonologist
  9881 | D:10     | Noticed a kobold demonologist
  9886 | D:9      | Noticed a soul eater
  9887 | D:9      | Killed a kobold demonologist
  9895 | D:9      | Killed a kobold demonologist
 10224 | D:10     | Noticed a cyan ugly thing
 10463 | D:10     | Killed a cyan ugly thing
 10464 | D:10     | Reached skill level 5 in Fighting
 10464 | D:10     | Reached skill level 1 in Throwing
 10674 | D:10     | Noticed a death knight
 10800 | D:10     | Noticed a cyclops
 11080 | D:10     | Reached skill level 1 in Transmutations
 11080 | D:10     | Reached XP level 11. HP: 64/64 MP: 14/22
 11617 | D:10     | Killed a cyclops
 11617 | D:10     | Offered knowledge of Static Discharge by Vehumet.
 11620 | D:10     | Reached ** piety under Vehumet
 11749 | D:10     | Noticed a two-headed ogre
 12201 | D:5      | Bought a book of Fire for 420 gold pieces
 12924 | D:11     | Found a staircase to the Lair.
 13280 | D:11     | Learned a level 5 spell: Lee's Rapid Deconstruction
 13764 | D:12     | Found the +7 mace of Variability {chaos, chain chaos}
 13780 | D:12     | Offered knowledge of Inner Flame by Vehumet.
 13809 | D:12     | Learned a level 3 spell: Inner Flame
 13864 | D:12     | Found a frozen archway.
 13869 | D:12     | Noticed an ice dragon
 13946 | Lair:1   | Entered Level 1 of the Lair of Beasts
 14200 | Lair:1   | Reached *** piety under Vehumet
 14600 | Lair:1   | Reached XP level 12. HP: 73/73 MP: 14/24
 14847 | Lair:1   | Found a runed translucent door.
 14847 | Lair:1   | Found a shimmering altar of Xom.
 14847 | Lair:1   | Noticed Vutiel's ghost (journeyman DrNe)
 14957 | Lair:2   | Noticed a boulder beetle
 15037 | Lair:1   | Learned a level 2 spell: Poisonous Vapours
 15043 | Lair:1   | Learned a level 5 spell: Fireball
 15051 | Lair:2   | Killed a boulder beetle
 15334 | Lair:2   | Noticed a seven-headed hydra
 15356 | Lair:2   | Killed a seven-headed hydra
 15482 | Lair:2   | Offered knowledge of Hailstorm by Vehumet.
 15678 | Lair:2   | Identified the ring of the Ladybird {rN+ Int+6}
 16325 | Lair:2   | Found a staircase to the Shoals.
 16337 | Lair:2   | Reached skill level 10 in Conjurations
 16529 | Lair:2   | Reached skill level 5 in Transmutations
 16718 | Lair:3   | Reached **** piety under Vehumet
 16722 | Lair:3   | Offered knowledge of Flame Wave by Vehumet.
 16967 | Lair:3   | Got the Book of Amalgamated Sinister Deeds
 16977 | Lair:3   | Noticed a skyshark
 16984 | Lair:3   | Killed a skyshark
 17351 | Lair:3   | Found a hole to the Spider Nest.
 17355 | Lair:3   | Reached skill level 10 in Spellcasting
 17619 | Lair:3   | Reached skill level 1 in Evocations
 17837 | Lair:3   | Identified the ring of Merit {rElec rPois rC+ rCorr SInv}
 17885 | Lair:3   | Reached XP level 13. HP: 78/78 MP: 27/27
 18500 | Lair:4   | Learned a level 5 spell: Borgnjor's Vile Clutch
 19855 | Lair:5   | Entered Level 5 of the Lair of Beasts
 19923 | Lair:4   | Reached skill level 5 in Evocations
 20681 | Lair:5   | Reached skill level 1 in Fire Magic
 20850 | Lair:5   | Found a runed translucent door.
 20851 | Lair:5   | Noticed an ice dragon
 21598 | Lair:5   | Found a staircase to the Slime Pits.
 22130 | Lair:5   | Gained mutation: Your large and strong wings let you fly.
                  | [Gargoyle growth]
 22130 | Lair:5   | Reached XP level 14. HP: 84/84 MP: 19/28
 22627 | Lair:5   | Reached skill level 5 in Fire Magic
 22878 | Lair:5   | Reached ***** piety under Vehumet
 23204 | D:12     | Offered knowledge of Spellforged Servitor by Vehumet.
 24120 | D:12     | Found a staircase to the Orcish Mines.
 24212 | D:12     | Noticed a sphinx
 24985 | Orc:1    | Entered Level 1 of the Orcish Mines
 25701 | Orc:2    | Entered Level 2 of the Orcish Mines
 25932 | Orc:2    | Noticed Jorgrun
 26193 | Orc:2    | Noticed Maurice
 26207 | Orc:2    | Killed Maurice
 26210 | Orc:2    | Found Xajeseil's Book Shoppe.
 26335 | Orc:2    | Bought a book of Alchemy for 364 gold pieces
 26341 | Orc:2    | Learned a level 5 spell: Irradiate
 26353 | Orc:2    | Found a staircase to the Elven Halls.
 26920 | Orc:2    | Found Vaurog's Jewellery Boutique.
 27470 | Orc:1    | Noticed Sonja
 27615 | Orc:2    | Killed Sonja
 28041 | Orc:2    | Killed Jorgrun
 28424 | Orc:2    | Noticed an orc warlord
 28452 | Orc:2    | Killed an orc warlord
 28701 | Orc:2    | Found Xugh's Antique Weapon Shop.
 28704 | Orc:2    | Found Gail's Antique Armour Boutique.
 29185 | D:13     | Reached skill level 10 in Fire Magic
 29677 | D:13     | Offered knowledge of Freezing Cloud by Vehumet.
 29678 | D:13     | Reached XP level 15. HP: 66/90 MP: 20/30
 29868 | D:13     | Noticed Nessos
 29911 | D:13     | Killed Nessos
 30900 | D:13     | Noticed Urug
 30912 | D:13     | Killed Urug
 31046 | D:13     | Found a transporter.
 31047 | D:13     | Noticed UltrafastDeath's ghost (journeyman DgHW)
 31059 | D:13     | Found a transporter.
 31566 | D:14     | Found Kazxaim's Distillery.
 31667 | D:14     | Bought a potion of brilliance for 68 gold pieces
 31667 | D:14     | Bought a potion of cancellation for 136 gold pieces
 32429 | D:14     | Found a gate to the Vaults.
 32666 | D:15     | Entered Level 15 of the Dungeon
 32802 | D:15     | Found a bloodstained altar of Trog.
 33103 | D:15     | Found a staircase to the Depths.
 33103 | D:15     | Noticed a frost giant
 33108 | D:15     | Killed a frost giant
 33757 | D:15     | Reached XP level 16. HP: 89/96 MP: 24/33
 34142 | Spider:1 | Entered Level 1 of the Spider Nest
 34716 | Shoals:1 | Entered Level 1 of the Shoals
 35138 | Shoals:1 | Offered knowledge of Arcjolt by Vehumet.
 35904 | Shoals:1 | Found Gubuj's Magic Scroll Emporium.
 36815 | Shoals:2 | Noticed Ilsuiw
 36948 | Shoals:2 | Killed Ilsuiw
 37047 | Shoals:2 | Identified the +1 rapier of Ruckuido {elec, +Blink rC++
                  | MP-9}
 39756 | Shoals:3 | Offered knowledge of Yara's Violent Unravelling by Vehumet.
 39757 | Shoals:3 | Reached XP level 17. HP: 100/100 MP: 6/35
 39763 | Shoals:3 | Learned a level 5 spell: Yara's Violent Unravelling
 39912 | Shoals:4 | Entered Level 4 of the Shoals
 40392 | Shoals:4 | Noticed Polyphemus
 41020 | Shoals:3 | Reached ****** piety under Vehumet
 41290 | Shoals:4 | Reached skill level 15 in Spellcasting
 41294 | Shoals:4 | Killed Polyphemus
 41786 | Shoals:4 | Identified the +9 scimitar of Terra Nullius {heavy, rCorr
                  | Str+3 Int+2}
 41793 | Shoals:4 | Identified the +3 great sword of Extremism {venom, Str+2}
 42725 | Shoals:4 | Got a barnacled rune of Zot
 43062 | Spider:1 | Reached skill level 15 in Earth Magic
 43947 | Spider:1 | Offered knowledge of Ozocubu's Refrigeration by Vehumet.
 44301 | D:5      | Bought an Everburning Encyclopedia for 504 gold pieces
 44311 | D:5      | Learned a level 8 spell: Ignition
 45503 | Spider:2 | Reached skill level 15 in Fire Magic
 45682 | Spider:2 | Reached XP level 18. HP: 105/105 MP: 29/37
 46434 | Spider:2 | Offered knowledge of Iskenderun's Battlesphere by Vehumet.
 47396 | Spider:3 | Noticed Mara
 47406 | Spider:3 | Noticed UltrafastDeath's illusion
 47406 | Spider:3 | Killed Mara
 48138 | Spider:3 | Learned a level 2 spell: Passwall
 48755 | Spider:4 | Entered Level 4 of the Spider Nest
 49041 | Spider:4 | Offered knowledge of Maxwell's Capacitive Coupling by
                  | Vehumet.
 51432 | Spider:4 | Reached XP level 19. HP: 110/110 MP: 10/39
 51932 | Spider:4 | Gained mutation: Armour fits poorly on your strangely
                  | shaped body. [mutagenic glow]
 52143 | Spider:4 | Got a gossamer rune of Zot
 52619 | Vaults:1 | Entered Level 1 of the Vaults
 53493 | Vaults:1 | You are sucked into a shaft and drop 1 floor!
 53870 | Vaults:2 | Offered knowledge of Lehudib's Crystal Spear by Vehumet.
 53870 | Vaults:2 | Offered knowledge of Fire Storm by Vehumet.
 53870 | Vaults:2 | Offered knowledge of Chain Lightning by Vehumet.
 55217 | Vaults:1 | Noticed Donald
 55219 | Vaults:1 | Killed Donald
 55281 | Vaults:2 | Paralysed by a sphinx for 3 turns
 56163 | Vaults:2 | Found a staircase to the Crypt.
 56366 | Vaults:2 | Reached XP level 20. HP: 92/115 MP: 35/41
 56424 | Vaults:2 | Identified the +0 robe of Boiling Hail {rElec}
 58452 | Vaults:2 | Paralysed by a great orb of eyes for 2 turns
 58549 | Vaults:3 | Reached skill level 15 in Conjurations
 60242 | Vaults:3 | Acquired 779 gold pieces
 60561 | D:5      | Bought a manual of Dodging for 1120 gold pieces
 60561 | D:5      | Bought a manual of Earth Magic for 1120 gold pieces
 61335 | Vaults:3 | Found a portal to a secret trove of treasure.
 61395 | Vaults:4 | Reached XP level 21. HP: 120/120 MP: 43/43
 61542 | Vaults:4 | Noticed Zenata
 61548 | Vaults:4 | Killed Zenata
 62288 | Vaults:4 | Noticed Jory
 62601 | Vaults:4 | Killed Jory
 64034 | Elf:1    | Entered Level 1 of the Elven Halls
 64141 | Orc:2    | Learned a level 9 spell: Fire Storm
 64151 | Orc:2    | Upgraded the game from 0.30-a0-953-g5f1da4a474 to
                  | 0.30-a0-956-gcec3b41aec
 64257 | Depths:1 | Entered Level 1 of the Depths
 64692 | Depths:1 | Identified the +9 trident "Podops" {pain, rF+}
 64986 | Depths:1 | Found a one-way gate leading to the halls of Pandemonium.
 65015 | Depths:1 | Found a one-way gateway to a ziggurat.
 65290 | Depths:1 | Reached XP level 22. HP: 99/125 MP: 21/44
 65920 | Depths:1 | Reached XP level 23. HP: 124/129 MP: 45/45
 66324 | Depths:1 | Found a gateway to Hell.
 66842 | Depths:1 | Found a one-way gate to the infinite horrors of the Abyss.
 67872 | Depths:2 | Reached skill level 5 in Dodging
 67889 | Depths:2 | Reached skill level 10 in Shields
 68195 | Depths:2 | Found Owadif's Weapon Emporium.
 68750 | Depths:2 | Identified the +9 dire flail "Ristrost" {drain, *Slow rF+++
                  | rN++ Dex-2}
 69951 | Depths:3 | Found a magical portal.
 69963 | WizLab   | Entered Maxwell's Workshop
 70237 | WizLab   | Identified the ring of Cousaguh {Fire MP+9}
 70824 | WizLab   | Identified the ring "Ydask" {Fire Will- rCorr Str+5 Dex+2}
 71281 | WizLab   | Identified the ring of Waasojis {Ice rElec rPois Int-2
                  | SInv}
 71286 | WizLab   | Identified the +10 dagger of Umunivei {elec, Str+3}
 71781 | Depths:3 | Noticed a caustic shrike
 71782 | Depths:3 | Noticed a caustic shrike
 71783 | Depths:3 | Killed a caustic shrike
 71784 | Depths:3 | Reached XP level 24. HP: 135/135 MP: 33/45
 71784 | Depths:3 | Killed a caustic shrike
 71786 | Depths:3 | Reached skill level 15 in Shields
 71787 | Depths:3 | Noticed a caustic shrike
 71789 | Depths:3 | Noticed an ancient lich
 71793 | Depths:3 | Killed a caustic shrike
 72095 | Depths:3 | Noticed Sojobo
 72098 | Depths:3 | Killed Sojobo
 72498 | Depths:3 | Killed an ancient lich
 72706 | Depths:3 | Noticed a juggernaut
 72715 | Depths:3 | Killed a juggernaut
 73639 | Elf:1    | Paralysed by an air elemental for 1 turns
 73644 | Elf:1    | Reached skill level 5 in Stealth
 73753 | Elf:1    | Found Vahiuhiq's General Store.
 74838 | Elf:2    | Paralysed by an air elemental for 1 turns
 75388 | Elf:3    | Entered Level 3 of the Elven Halls
 75445 | Elf:3    | Reached XP level 25. HP: 121/140 MP: 46/46
 76400 | Elf:3    | Identified the +1 plate armour "Zuubbe Fiu" {rPois}
 76400 | Elf:3    | Identified the amulet "Salo" {Will+ Regen+ Int+6 SInv}
 76572 | Elf:3    | Identified the ring "Rischib" {rPois rN+ Dex+3}
 76956 | Elf:3    | Identified the +7 great sword of Wealth {flame, *Slow Str+3
                  | Dex+4 Stlth+}
 76957 | Elf:3    | Identified the +6 mace "Xarin" {heavy, rF+ Stlth+}
 76959 | Elf:3    | Identified the +1 shortbow of the Shallot {freeze, rPois
                  | rC+ rN+}
 76961 | Elf:3    | Got the Compilation of the Tesseract and Anathema
 76967 | Elf:3    | Got the Cyclopedia of Maledictive Shaping
 76983 | Elf:3    | Identified the +0 ring mail "Doxuapuq" {rF- Int+5}
 76994 | Elf:3    | Identified the -1 helmet of the Robin {Rampage rF+ Will++
                  | Int-5}
 77359 | Vaults:5 | Entered Level 5 of the Vaults
 77396 | Vaults:5 | Identified the +2 robe of Defiance {rC+ MP+9 Stlth+}
 77458 | Vaults:5 | Reached skill level 10 in Fighting
 77558 | Vaults:5 | Gained mutation: You are clumsy. (Dex -2) [a shining eye]
 77999 | Vaults:5 | Identified the +3 short sword of Pestilence {flame, rF+}
 78535 | Vaults:5 | Learned a level 8 spell: Lehudib's Crystal Spear
 78544 | Vaults:5 | Reached skill level 1 in Staves
 78803 | Vaults:5 | Identified the +8 hand axe "Feiph" {pain, +Blink rElec
                  | Will+ MP-9}
 78803 | Vaults:5 | Identified the ring of Buudd {rElec rC+ Str+5}
 78858 | Vaults:5 | Reached XP level 26. HP: 31/149 MP: 15/48
 79220 | Vaults:5 | Identified the +2 dagger of the Beast {drain, rPois}
 79308 | Vaults:5 | Identified the +5 chain mail "Viffur" {rElec rC+ rN+ Str+3
                  | Dex+3}
 79407 | Vaults:5 | Got the Vellum of the Sky
 79498 | Vaults:5 | Got a silver rune of Zot
 80029 | Slime:1  | Entered Level 1 of the Pits of Slime
 80749 | Slime:5  | Entered Level 5 of the Pits of Slime
 80964 | Slime:4  | Lost mutation: Armour fits poorly on your strangely shaped
                  | body. [potion of mutation]
 80964 | Slime:4  | Lost mutation: You are clumsy. (Dex -2) [potion of
                  | mutation]
 80964 | Slime:4  | Gained mutation: Your movements are slightly less
                  | encumbered by armour. (ER -2) [potion of mutation]
 80964 | Slime:4  | Gained mutation: You possess an exceptional clarity of
                  | mind. [potion of mutation]
 80964 | Slime:4  | Gained mutation: You are agile. (Dex +4, Str/Int -1)
                  | [potion of mutation]
 80964 | Slime:4  | Gained mutation: Your muscles are strong. (Str +4, Int/Dex
                  | -1) [potion of mutation]
 81106 | Slime:5  | Noticed the Royal Jelly
 81109 | Slime:5  | Killed the Royal Jelly
 81731 | Slime:5  | Identified the +6 trident "Ximoilan" {vamp, rElec Will+
                  | Int-3 Stlth+}
 81770 | Slime:5  | Identified the ring of the Fiend {*Slow rF+ Will+ rCorr
                  | Str+3}
 81795 | Slime:5  | Got a slimy rune of Zot
 81806 | Slime:5  | Identified the ring "Boanaqut" {Fly Int+7}
 81814 | Slime:5  | Identified the +5 falchion "Pyizir" {spect, rN+}
 81823 | Slime:5  | Identified the +7 spear of Coti Jau {drain, rPois MP+9}
 83232 | Depths:3 | Identified the amulet "Hero's Friend" {Harm +Blink rF-
                  | Regen+ MP+9}
 83782 | Depths:4 | Entered Level 4 of the Depths
 84324 | Depths:4 | Learned a level 2 spell: Blink
 84913 | Depths:4 | Identified the +0 pair of boots of a ziggurat {rC+}
 85168 | Depths:4 | Reached XP level 27. HP: 157/157 MP: 28/48
 85441 | Depths:4 | Found a gate to the Realm of Zot.
 85676 | Zot:1    | Entered Level 1 of the Realm of Zot
 89449 | Zot:3    | Noticed an orb of fire
 89455 | Zot:3    | Killed an orb of fire
 91127 | Zot:4    | Identified the ring of Ilergh {Wiz rElec rF+++ Str-4 Dex-2}
 91716 | Zot:5    | Entered Level 5 of the Realm of Zot
 92780 | Zot:5    | Noticed an orb of fire
 92783 | Zot:5    | Killed an orb of fire
 92946 | Zot:5    | Noticed an ancient lich
 92953 | Zot:5    | Noticed an ancient lich
 92955 | Zot:5    | Killed an ancient lich
 92955 | Zot:5    | Killed an ancient lich
 93016 | Zot:5    | Noticed an ancient lich
 93024 | Zot:5    | Killed an ancient lich
 93027 | Zot:5    | Noticed an orb of fire
 93032 | Zot:5    | Gained mutation: Your magical capacity is low. (-10% MP)
                  | [an orb of fire]
 93034 | Zot:5    | Lost mutation: You possess an exceptional clarity of mind.
                  | [an orb of fire]
 93038 | Zot:5    | Gained mutation: You occasionally shout uncontrollably at
                  | your foes. [an orb of fire]
 93039 | Zot:5    | Killed an orb of fire
 93164 | Zot:5    | Noticed a dread lich
 93167 | Zot:5    | Noticed an ancient lich
 93168 | Zot:5    | Killed a dread lich
 93177 | Zot:5    | Killed an ancient lich
 93453 | Zot:5    | Noticed an orb of fire
 93459 | Zot:5    | Gained mutation: You have hidden genetic defects. [an orb
                  | of fire]
 93484 | Zot:5    | Killed an orb of fire
 93549 | Zot:5    | Noticed an orb of fire
 93567 | Zot:5    | Gained mutation: You have sharp toenails. [an orb of fire]
 93579 | Zot:5    | Killed an orb of fire
 93779 | Zot:5    | Lost mutation: Your movements are slightly less encumbered
                  | by armour. (ER -2) [potion of mutation]
 93779 | Zot:5    | Lost mutation: You have hidden genetic defects. [potion of
                  | mutation]
 93779 | Zot:5    | Gained mutation: You are very agile. (Dex +8, Str/Int -2)
                  | [potion of mutation]
 93780 | Zot:5    | Lost mutation: You occasionally shout uncontrollably at
                  | your foes. [potion of mutation]
 93780 | Zot:5    | Lost mutation: Your muscles are strong. (Str +4, Int/Dex
                  | -1) [potion of mutation]
 93780 | Zot:5    | Lost mutation: You have sharp toenails. [potion of
                  | mutation]
 93780 | Zot:5    | Gained mutation: You occasionally lose the ability to drink
                  | potions when taking damage. [potion of mutation]
 93780 | Zot:5    | Gained mutation: A frigid envelope surrounds you and
                  | freezes all who hurt you. [potion of mutation]
 93781 | Zot:5    | Lost mutation: You are very agile. (Dex +8, Str/Int -2)
                  | [potion of mutation]
 93781 | Zot:5    | Lost mutation: You occasionally lose the ability to drink
                  | potions when taking damage. [potion of mutation]
 93781 | Zot:5    | Gained mutation: Your muscles are strong. (Str +4, Int/Dex
                  | -1) [potion of mutation]
 93782 | Zot:5    | Lost mutation: Your muscles are strong. (Str +4, Int/Dex
                  | -1) [potion of mutation]
 93782 | Zot:5    | Lost mutation: A frigid envelope surrounds you and freezes
                  | all who hurt you. [potion of mutation]
 93782 | Zot:5    | Lost mutation: Your magical capacity is low. (-10% MP)
                  | [potion of mutation]
 93782 | Zot:5    | Gained mutation: You do not regenerate when monsters are
                  | visible. [potion of mutation]
 93782 | Zot:5    | Gained mutation: You are frail. (-10% HP) [potion of
                  | mutation]
 93783 | Zot:5    | Lost mutation: You are frail. (-10% HP) [potion of
                  | mutation]
 93783 | Zot:5    | Lost mutation: You are agile. (Dex +4, Str/Int -1) [potion
                  | of mutation]
 93783 | Zot:5    | Lost mutation: You do not regenerate when monsters are
                  | visible. [potion of mutation]
 93783 | Zot:5    | Gained mutation: You possess an exceptional clarity of
                  | mind. [potion of mutation]
 93783 | Zot:5    | Gained mutation: Your natural rate of healing is unusually
                  | fast. [potion of mutation]
 94363 | Crypt:1  | Entered Level 1 of the Crypt
 94698 | D:12     | Identified the +2 hand crossbow "Coreh" {heavy, rCorr MP+9
                  | Str+4}
 94781 | Orc:2    | Bought the Secrets of Undead Generation for 598 gold pieces
 95064 | Crypt:1  | Noticed Frederick
 95067 | Crypt:1  | Killed Frederick
 95068 | Crypt:1  | Reached skill level 10 in Evocations
 95350 | Crypt:1  | Noticed Bai Suzhen
 95353 | Crypt:1  | Killed Bai Suzhen
 95354 | Crypt:1  | Reached skill level 15 in Fighting
 95359 | Crypt:1  | Noticed Grunn
 95360 | Crypt:1  | Killed Grunn
 96118 | Crypt:2  | Gained mutation: Armour fits poorly on your strangely
                  | shaped body. [mutagenic glow]
 96766 | Crypt:2  | Found a huge runed gate.
 96766 | Crypt:2  | Found a huge runed gate.
 96766 | Crypt:2  | Found a huge runed gate.
 96766 | Crypt:2  | Found a huge runed gate.
 96766 | Crypt:2  | Found a huge runed gate.
 96766 | Crypt:2  | Found a huge runed gate.
 96766 | Crypt:2  | Found a huge runed gate.
 96766 | Crypt:2  | Found a huge runed gate.
 96766 | Crypt:2  | Found a huge runed gate.
 96773 | Crypt:2  | Found a huge runed gate.
 96773 | Crypt:2  | Found a huge runed gate.
 96773 | Crypt:2  | Found a huge runed gate.
 96773 | Crypt:2  | Found a huge runed gate.
 96773 | Crypt:2  | Found a huge runed gate.
 96773 | Crypt:2  | Found a huge runed gate.
 96774 | Crypt:2  | Found a huge runed gate.
 96775 | Crypt:2  | Found a huge runed gate.
 96776 | Crypt:2  | Found a huge runed gate.
 96810 | Crypt:2  | Found a huge runed gate.
 96811 | Crypt:2  | Noticed a dread lich
 96813 | Crypt:2  | Killed a dread lich
 97316 | Crypt:3  | Entered Level 3 of the Crypt
 97332 | Crypt:3  | Acquired the +3 helmet "Ipsiall" {rN+}
 98059 | Crypt:3  | Found a staircase to the Tomb.
 98638 | Crypt:3  | Got the Quarto of the Assistive Anticline
 98884 | Crypt:3  | Identified the +0 chain mail of Elyvilon's Esteem {rF+}
 99290 | Crypt:3  | Learned a level 9 spell: Death's Door
 99609 | Depths:1 | Voluntarily entered the Abyss.
 99609 | Abyss:1  | Found a corrupted altar of Lugonu.
 99637 | Abyss:1  | Found a corrupted altar of Lugonu.
 99649 | Abyss:1  | Found a corrupted altar of Lugonu.
 99852 | Abyss:1  | Reached skill level 1 in Necromancy
100242 | Abyss:1  | Found a corrupted altar of Lugonu.
100269 | Abyss:1  | Found a corrupted altar of Lugonu.
100679 | Abyss:1  | Paralysed by you for 4 turns
101391 | Abyss:2  | Reached skill level 5 in Necromancy
101605 | Abyss:2  | Found a corrupted altar of Lugonu.
102197 | Abyss:2  | Found a corrupted altar of Lugonu.
102199 | Abyss:2  | Found a corrupted altar of Lugonu.
102199 | Abyss:2  | Found a corrupted altar of Lugonu.
102223 | Abyss:2  | Found a shimmering blue altar of Sif Muna.
102271 | Abyss:2  | Found a shimmering blue altar of Sif Muna.
102273 | Abyss:2  | Got the Elucidation of Wounds
102308 | Abyss:2  | Got the Thoughts on Chilblains
102459 | Abyss:2  | Found a shimmering blue altar of Sif Muna.
102573 | Abyss:3  | Found a corrupted altar of Lugonu.
102684 | Abyss:3  | Found a corrupted altar of Lugonu.
102692 | Abyss:3  | Found a corrupted altar of Lugonu.
102692 | Abyss:3  | Found a corrupted altar of Lugonu.
102810 | Abyss:3  | Noticed a dread lich
102813 | Abyss:3  | Killed a dread lich
103152 | Abyss:3  | Noticed an ancient lich
103159 | Abyss:3  | Killed an ancient lich
103248 | Abyss:3  | Found a burning altar of Makhleb.
103272 | Abyss:3  | Got an abyssal rune of Zot
103468 | Depths:1 | Escaped the Abyss
103526 | Zig:1    | Entered Level 1 of a ziggurat
103557 | Zig:2    | Entered Level 2 of a ziggurat
103611 | Zig:3    | Entered Level 3 of a ziggurat
103728 | Zig:4    | Entered Level 4 of a ziggurat
103728 | Zig:4    | Noticed a juggernaut
103732 | Zig:4    | Killed a juggernaut
103767 | Zig:4    | Identified the staff of fire "Guxtaido" {rF+ Int+3 Dex+2}
103778 | Zig:4    | Identified the +2 rapier of Watchfulness {flame, rN+ Dex+4}
103786 | Zig:5    | Entered Level 5 of a ziggurat
103802 | Zig:5    | Identified the +0 pair of boots of Hedge Wizardry {rC++
                  | Int+6}
103819 | Zig:6    | Entered Level 6 of a ziggurat
103870 | Zig:7    | Entered Level 7 of a ziggurat
103875 | Zig:7    | Noticed a dread lich
103878 | Zig:7    | Killed a dread lich
103911 | Zig:7    | Identified the +9 long sword "Mama Pod" {spect, rF- rN+++
                  | Dex+6 SInv}
103936 | Zig:8    | Entered Level 8 of a ziggurat
103954 | Zig:8    | Identified the staff of poison "Vyty" {+Blink rPois rC+ rN+
                  | Str-5}
103961 | Zig:8    | Identified the +1 hand axe of Magnificence {freeze, rF+
                  | Stlth+}
103963 | Zig:8    | Identified the staff of air "Baxug" {Fly rElec}
103973 | Zig:9    | Entered Level 9 of a ziggurat
103985 | Zig:9    | Noticed a royal mummy
103987 | Zig:9    | Killed a royal mummy
103988 | Zig:9    | Reached skill level 10 in Stealth
104129 | Zig:9    | Identified the ring of Wostag {rCorr Str+2 Dex-3 SInv}
104150 | Zig:9    | Identified the +7 long sword "Yhoeqo" {flame, Dex+5}
104163 | Zig:10   | Entered Level 10 of a ziggurat
104193 | Zig:10   | Got Meofer's Monograph on Chilling Orogeny
104195 | Zig:10   | Identified the ring "Hitiqar" {rN+ rCorr Int+3 Slay+2}
104198 | Zig:10   | Identified the staff of earth "Zeffiovi" {*Slow rF+++ Int+3
                  | Dex+2}
104201 | Zig:10   | Identified the staff of fire "Onifato" {Fragile rF+ Dex+6}
104204 | Zig:10   | Identified the staff of earth "Voboel" {rF+ rC+ SInv}
104207 | Zig:10   | Identified the ring "Vouducuu" {MP+9 Dex+6}
104218 | Zig:11   | Entered Level 11 of a ziggurat
104227 | Zig:11   | Noticed a dread lich
104228 | Zig:11   | Killed an ancient lich
104230 | Zig:11   | Killed a dread lich
104235 | Zig:11   | Reached skill level 10 in Necromancy
104236 | Zig:11   | Found the +9 sword of Power {lifebolt}
104252 | Zig:11   | Identified the staff of death "Kygiseda" {rN+ Int+5}
104260 | Zig:11   | Identified the ring of Tyizum {rC+ Will+ rCorr Int+2
                  | Stlth-}
104274 | Zig:12   | Entered Level 12 of a ziggurat
104283 | Zig:12   | Noticed Ovupheti the pandemonium lord
104287 | Zig:12   | Noticed Moihikod the pandemonium lord
104287 | Zig:12   | Killed Ovupheti the pandemonium lord
104290 | Zig:12   | Noticed Huvut the pandemonium lord
104291 | Zig:12   | Killed Moihikod the pandemonium lord
104294 | Zig:12   | Killed Huvut the pandemonium lord
104391 | Zig:13   | Entered Level 13 of a ziggurat
104425 | Zig:13   | Identified the staff of fire "Teyno" {rPois rF+}
104435 | Zig:14   | Entered Level 14 of a ziggurat
104457 | Zig:14   | Noticed Yskop the pandemonium lord
104466 | Zig:14   | Killed Yskop the pandemonium lord
104541 | Zig:14   | Got the Dissertation on Assistive Weather
104542 | Zig:14   | Identified the +5 flail of Dried Tears {freeze, rElec rF+
                  | Will++ SInv}
104570 | Zig:15   | Entered Level 15 of a ziggurat
104584 | Zig:15   | Noticed Osuys the pandemonium lord
104585 | Zig:15   | Killed Osuys the pandemonium lord
104632 | Zig:15   | Identified the +5 battleaxe of Beyond {flame, rPois Int+3}
104641 | Zig:15   | Identified the +5 glaive of Terra Cotta {drain, rPois}
104655 | Zig:16   | Entered Level 16 of a ziggurat
104714 | Zig:16   | Found the +8 demon blade "Leech" {evervamp, Harm Drain rN+}
104732 | Zig:16   | Identified the staff of air "Becyus" {rElec Will+ Stlth+}
104743 | Zig:16   | Identified the +3 plate armour of the Antique God {rC++}
104759 | Zig:17   | Entered Level 17 of a ziggurat
104767 | Zig:17   | Noticed a royal mummy
104773 | Zig:17   | Noticed a royal mummy
104774 | Zig:17   | Killed a royal mummy
104778 | Zig:17   | Killed a royal mummy
104781 | Zig:17   | Noticed a dread lich
104787 | Zig:17   | Noticed a royal mummy
104793 | Zig:17   | Noticed a royal mummy
104794 | Zig:17   | Killed a dread lich
104797 | Zig:17   | Killed a royal mummy
104801 | Zig:17   | Killed a royal mummy
104916 | Zig:17   | Found the amulet of the Four Winds {rN+ Will+++ Clar}
104924 | Zig:17   | Identified the staff of poison "Inlej" {rPois Int+3}
104932 | Zig:17   | Identified the ring "Zifueno" {rPois rN+ Str+3 Int-5 SInv}
104935 | Zig:17   | Identified the ring "Udonotym" {Fire Will+ Str+3}
104939 | Zig:17   | Identified the ring of Vokimue {rF+ rN+ Int+3}
104958 | Zig:18   | Entered Level 18 of a ziggurat
104966 | Zig:18   | Noticed Wevip the pandemonium lord
104968 | Zig:18   | Noticed Xavok the pandemonium lord
104969 | Zig:18   | Noticed Goobiw the pandemonium lord
104973 | Zig:18   | Killed Wevip the pandemonium lord
104973 | Zig:18   | Noticed Magg the pandemonium lord
104975 | Zig:18   | Noticed Biffemno the pandemonium lord
104977 | Zig:18   | Noticed Qatethie the pandemonium lord
104981 | Zig:18   | Killed Biffemno the pandemonium lord
104982 | Zig:18   | Killed Xavok the pandemonium lord
104984 | Zig:18   | Killed Qatethie the pandemonium lord
104985 | Zig:18   | Killed Goobiw the pandemonium lord
104987 | Zig:18   | Killed Magg the pandemonium lord
105036 | Zig:18   | Noticed Ufagg the pandemonium lord
105039 | Zig:18   | Killed Ufagg the pandemonium lord
105044 | Zig:18   | Noticed Qostoanu the pandemonium lord
105050 | Zig:18   | Killed Qostoanu the pandemonium lord
105054 | Zig:18   | Noticed Wohal the pandemonium lord
105058 | Zig:18   | Killed Wohal the pandemonium lord
105066 | Zig:18   | Reached skill level 15 in Necromancy
105220 | Zig:18   | Identified the ring "Ezaes" {rElec Will+ Str-3 Int+3}
105224 | Zig:18   | Identified the ring "Yrihadgh" {rElec Will++ rCorr}
105232 | Zig:18   | Identified the ring "Dickyogy" {rC+ rN+ Will++ MP+9 Stlth-}
105249 | Zig:18   | Identified the +2 quarterstaff of the Poles {drain, Str+3}
105251 | Zig:18   | Identified the staff of air "Siuhureh" {rElec rF+}
105256 | Zig:18   | Identified the ring of Itzuem Page {rPois EV+5}
105259 | Zig:18   | Identified the +0 leather armour "Remigos" {Int-5 Dex+8}
105260 | Zig:18   | Identified the +5 trident "Killer Klown's Regret" {flame,
                  | Fragile rPois rCorr Str+7}
105269 | Zig:19   | Entered Level 19 of a ziggurat
105288 | Zig:19   | Reached skill level 15 in Stealth
105461 | Zig:19   | Identified the +10 battleaxe of Zonaatho {flame, rN+ Str+3
                  | Stlth+}
105480 | Zig:19   | Identified the staff of earth "Xaomp" {rCorr MP+9 Str-2
                  | Dex+2}
105545 | Zig:19   | Identified the +1 longbow of the Fox {elec, Drain rN+
                  | Str+3}
105554 | Zig:20   | Entered Level 20 of a ziggurat
105714 | Zig:20   | Found the +3 greatsling "Punk" {acid, rCorr}
105754 | Zig:20   | Identified the +1 rapier of Resourcefulness {speed, rElec
                  | rN+ Will+ Dex+3}
105756 | Zig:21   | Entered Level 21 of a ziggurat
105779 | Zig:21   | Noticed Naja Nac the pandemonium lord
105782 | Zig:21   | Killed Naja Nac the pandemonium lord
105838 | Zig:21   | Found the +11 plutonium sword {Contam Stlth-}
105850 | Zig:21   | Identified the staff of fire "Hauto" {*Corrode rF+ Str+3
                  | SInv}
105877 | Zig:21   | Identified the ring "Iragh" {rElec rF+ rC+ Slay-4 SInv}
105883 | Zig:22   | Entered Level 22 of a ziggurat
106538 | Zig:22   | Identified the ring "Dusutro" {Contam rPois rN+ Str+6
                  | Int+3}
106545 | Zig:22   | Identified the staff of air "Fatatsy" {Drain rElec rPois
                  | Str+4 SInv}
106546 | Zig:22   | Identified the +7 scimitar "Ropixim" {antimagic, rElec rF+
                  | Int+4}
106564 | Zig:22   | Identified the ring of Ussely {rF++ Int+6}
106576 | Zig:23   | Entered Level 23 of a ziggurat
106680 | Zig:23   | Found the brooch of Shielding {Spirit SH+8}
106688 | Zig:23   | Identified the ring "Lycyd" {rCorr SInv}
106702 | Zig:23   | Identified the ring of Saawiet {Wiz rC+ Will+ rCorr}
106712 | Zig:23   | Identified the amulet "Ityskuk" {Acrobat *Slow +Inv Int+8
                  | Dex-2}
106722 | Zig:24   | Entered Level 24 of a ziggurat
106749 | Zig:24   | Reached skill level 1 in Armour
106860 | Zig:24   | Identified the staff of death "Uzareofa" {rF+ rN+}
106883 | Zig:25   | Entered Level 25 of a ziggurat
106909 | Zig:25   | Reached skill level 5 in Armour
106914 | Zig:25   | Noticed a dread lich
106915 | Zig:25   | Noticed a dread lich
106918 | Zig:25   | Killed a dread lich
106918 | Zig:25   | Killed a dread lich
106918 | Zig:25   | Noticed a dread lich
106918 | Zig:25   | Noticed an ancient lich
106920 | Zig:25   | Killed a dread lich
106921 | Zig:25   | Killed an ancient lich
106944 | Zig:25   | Identified the +4 falchion of Crawling {vamp, Fly rPois
                  | Int+5 Dex-2}
106962 | Zig:25   | Identified the ring of Duiff {Int+2 SInv}
106972 | Zig:25   | Identified the amulet of Ilareot {RegenMP rC+ Regen+ SInv}
106974 | Zig:25   | Identified the staff of conjuration "Goyj" {rC+ Str+4 SInv}
107005 | Zig:26   | Entered Level 26 of a ziggurat
107213 | Zig:26   | Identified the amulet of the Gastropod {Spirit rElec Will+
                  | rCorr Dex-5}
107217 | Zig:26   | Identified the +3 hand crossbow of the Chewing Tiger
                  | {flame, Fragile Will++ Int+3}
107221 | Zig:26   | Got Ezoenosk's Quarto of the Fiery Figure
107225 | Zig:26   | Identified the ring of Nugiub {Ice Will+ rCorr Dex-5}
107229 | Zig:26   | Identified the +1 morningstar of Hospitality {flame, rF++
                  | Str+2}
107241 | Zig:26   | Identified the +1 falchion of Weasogad {flame, rC+ rCorr
                  | Str-4 Dex+3}
107244 | Zig:26   | Identified the +7 dagger "Tuzxiash" {distort, Will+}
107246 | Zig:27   | Entered Level 27 of a ziggurat
107263 | Zig:27   | Reached skill level 10 in Armour
107266 | Zig:27   | Reached skill level 10 in Dodging
107332 | Zig:27   | Identified the +1 morningstar of Qakomiw {heavy, Dex+6}
107333 | Zig:27   | Identified the amulet of Viezin {Reflect Int+3 Dex+8 SH+5}
107346 | Zig:27   | Identified the amulet "Ymagrel" {Faith Harm}
107348 | Zig:27   | Identified the +5 flail of the Median {freeze, Str+3}
107361 | Zig:27   | Identified the +0 leather armour of the Storm King {rElec}
107409 | Depths:1 | Learned a level 9 spell: Shatter
107422 | Depths:1 | Learned a level 9 spell: Chain Lightning
107469 | Zig:1    | Entered Level 1 of a ziggurat
107533 | Zig:2    | Entered Level 2 of a ziggurat
107658 | Zig:3    | Entered Level 3 of a ziggurat
107768 | Zig:3    | Identified the +5 mace of Gehenna {venom, Str+3}
107779 | Zig:4    | Entered Level 4 of a ziggurat
107795 | Zig:4    | Identified the +10 great sword "Fudd" {venom, Dex+4}
107796 | Zig:4    | Identified the ring of Suspected Treachery {rF+ rC+ rN+
                  | Int+2 Stlth+}
107806 | Zig:5    | Entered Level 5 of a ziggurat
107842 | Zig:6    | Entered Level 6 of a ziggurat
107848 | Zig:6    | Found the +12 glaive of Prune {freeze, Prune}
107882 | Zig:7    | Entered Level 7 of a ziggurat
107904 | Zig:7    | Identified the +1 trident "Meegros" {speed, rF- rC+++ rCorr
                  | Int-5}
107917 | Zig:8    | Entered Level 8 of a ziggurat
107921 | Zig:8    | Noticed a juggernaut
107921 | Zig:8    | Noticed a juggernaut
107922 | Zig:8    | Noticed a juggernaut
107923 | Zig:8    | Killed a juggernaut
107925 | Zig:8    | Killed a juggernaut
107925 | Zig:8    | Killed a juggernaut
107928 | Zig:8    | Found the +10 zealot's sword {holy, Zealotry, *Rage rN+
                  | EV+3}
107963 | Zig:8    | Identified the +5 glaive "Mifis" {chaos, *Corrode rC++
                  | Dex+3 SInv}
107980 | Zig:9    | Entered Level 9 of a ziggurat
108013 | Zig:9    | Identified the +7 short sword of Sor Heub {venom, rC- rN++
                  | Dex+4}
108022 | Zig:9    | Identified the +1 robe of Uhuhyaru {Regen+ Str+3 Int+2}
108028 | Zig:10   | Entered Level 10 of a ziggurat
108035 | Zig:10   | Reached skill level 27 in Earth Magic
108059 | Zig:10   | Got the Writings on the Luminous Crater
108061 | Zig:10   | Identified the ring "Gepeomif" {*Slow rElec rPois rC+
                  | Dex+2}
108075 | Zig:11   | Entered Level 11 of a ziggurat
108087 | Zig:11   | Noticed Ylebbos the pandemonium lord
108093 | Zig:11   | Killed Ylebbos the pandemonium lord
108095 | Zig:11   | Found the +3 hat of Pondering {ponderous, Will+ MP+10
                  | Int+5}
108096 | Zig:11   | Found the dreamshard necklace {*Dream Drain}
108114 | Zig:11   | Identified the staff of poison "Wuzecis" {rPois rC+ Will+}
108123 | Zig:12   | Entered Level 12 of a ziggurat
108132 | Zig:12   | Noticed a dread lich
108133 | Zig:12   | Killed a dread lich
108145 | Zig:12   | Identified the +8 long sword of the Bruised People {flame,
                  | Str+2 Dex+3 Stlth-}
108146 | Zig:12   | Identified the ring of the Singing Madman {Drain rElec rF+
                  | rN+ Str+3}
108184 | Zig:13   | Entered Level 13 of a ziggurat
108234 | Zig:13   | Identified the +6 acid dragon scales of Fedhas's Esteem
                  | {rElec rCorr}
108256 | Zig:13   | Identified the +0 robe of Uralonau {+Inv Int+4}
108258 | Zig:14   | Entered Level 14 of a ziggurat
108273 | Zig:14   | Reached skill level 1 in Air Magic
108277 | Zig:14   | Killed a starcursed mass
108278 | Zig:14   | Reached skill level 15 in Armour
108298 | Zig:14   | Identified the +1 plate armour of Eye-covered Surprise
                  | {Drain rN+ Int+3 SInv}
108301 | Zig:14   | Identified the amulet "Qoawk" {Acrobat rElec rC- Str+8}
108303 | Zig:14   | Identified the ring of Humookon {Dex+3 SInv}
108311 | Zig:14   | Identified the staff of death "Duurasi" {rN+ Str+3 SInv}
108318 | Zig:15   | Entered Level 15 of a ziggurat
108379 | Zig:15   | Identified the staff of death "Gooblyh" {rN+ rCorr Str-3
                  | SInv Stlth-}
108383 | Zig:15   | Identified the staff of earth "Cisesief" {rPois SInv}
108385 | Zig:15   | Identified the ring "Efaeruis" {Ice rCorr Int+2 Dex+4}
108401 | Zig:16   | Entered Level 16 of a ziggurat
108411 | Zig:16   | Paralysed by a wendigo for 1 turns
108415 | Zig:16   | Noticed a dread lich
108416 | Zig:16   | Killed a dread lich
108416 | Zig:16   | Noticed an ancient lich
108417 | Zig:16   | Killed a dread lich
108424 | Zig:16   | Killed an ancient lich
108446 | Zig:16   | Identified the +6 sling "Ugrouti" {antimagic, Dex+4}
108454 | Zig:16   | Got the Omnibus of Cooperative Bombardment
108470 | Zig:16   | Identified the staff of fire "Cihez" {rF+ rC+ rCorr Str+6}
108482 | Zig:17   | Entered Level 17 of a ziggurat
108498 | Zig:17   | HP: 1/188 [Hell Sentinel/damnation (18)]
108550 | Zig:17   | Identified the +12 halberd "Tigitati" {spect, rElec}
108580 | Zig:17   | Identified the +2 cloak of the Distant Future {Drain rN+++
                  | SInv}
108587 | Zig:17   | Identified the +7 spear of Qeonnu {venom, rCorr Str+2
                  | Dex-4}
108590 | Zig:18   | Entered Level 18 of a ziggurat
108603 | Zig:18   | Paralysed by a wendigo for 1 turns
108624 | Zig:18   | Found the +9 sword of Zonguldrok {reap}
108629 | Zig:18   | Identified the staff of conjuration "Zischacet" {rCorr
                  | Str+3}
108631 | Zig:18   | Identified the ring "Ungi" {EV+5 Int+3}
108633 | Zig:18   | Identified the +5 dagger of Valiance {venom, rC+ Will+}
108639 | Zig:18   | Identified the +1 robe "Qaib Quisk" {Fly rElec rPois Dex-2}
108653 | Zig:18   | Identified the +6 spear of the Twisting Gods {freeze, Str-4
                  | Dex+3 Stlth+}
108688 | Zig:19   | Entered Level 19 of a ziggurat
108695 | Zig:19   | Noticed a dread lich
108695 | Zig:19   | Noticed a dread lich
108695 | Zig:19   | Noticed a dread lich
108696 | Zig:19   | Noticed a dread lich
108697 | Zig:19   | Reached skill level 5 in Air Magic
108697 | Zig:19   | Noticed a dread lich
108697 | Zig:19   | Killed a dread lich
108697 | Zig:19   | Killed a dread lich
108697 | Zig:19   | Killed a dread lich
108698 | Zig:19   | Killed a dread lich
108699 | Zig:19   | Killed a dread lich
108700 | Zig:19   | Noticed a dread lich
108700 | Zig:19   | Noticed a dread lich
108701 | Zig:19   | Noticed a dread lich
108702 | Zig:19   | Noticed a dread lich
108704 | Zig:19   | Killed a dread lich
108704 | Zig:19   | Killed a dread lich
108704 | Zig:19   | Killed a dread lich
108704 | Zig:19   | Noticed a dread lich
108705 | Zig:19   | Reached skill level 27 in Fire Magic
108705 | Zig:19   | Killed a dread lich
108707 | Zig:19   | Killed a dread lich
108711 | Zig:19   | Found the +8 longbow "Zephyr" {speed, Dex+3 SInv}
108714 | Zig:19   | Found the +3 Elemental Staff {rElec rF++ rC++ AC+5}
108725 | Zig:19   | Identified the +11 scimitar "Nitweam" {heavy, Will+ Stlth+}
108726 | Zig:19   | Identified the +5 morningstar "Inguh" {speed, *Slow Int+4}
108727 | Zig:19   | Identified the ring of Josentoc {rElec rCorr Dex+6}
108740 | Zig:19   | Identified the ring of the Ten Dreams {Str+2 SInv}
108750 | Zig:20   | Entered Level 20 of a ziggurat
108762 | Zig:20   | Noticed a juggernaut
108765 | Zig:20   | Killed a juggernaut
108780 | Zig:20   | Identified the +6 battleaxe "Rycuubb" {freeze, rN+}
108786 | Zig:20   | Identified the +0 plate armour "Xoqu" {rF++ Int+2}
108792 | Zig:20   | Identified the staff of poison "Wyrrov" {rPois MP+9}
108881 | Zig:21   | Entered Level 21 of a ziggurat
108921 | Zig:21   | Reached skill level 27 in Conjurations
108982 | Zig:21   | Found the +8 Wrath of Trog {antimagic, *Rage Rampage}
108996 | Zig:21   | Identified the staff of earth "Icopesm" {Contam rElec Will+
                  | Dex+2}
109042 | Zig:21   | Learned a level 9 spell: Polar Vortex
109059 | Zig:22   | Entered Level 22 of a ziggurat
109191 | Zig:22   | Reached skill level 27 in Spellcasting
109284 | Zig:22   | Identified the ring "Ceutynuh" {rF+ rC++ Int-4}
109286 | Zig:22   | Got Egigagerr's Treatise on the Tempest and the Gang
109297 | Zig:22   | Identified the ring "Cutulosm" {Contam rN+ Str+3 Int+4
                  | Dex+6}
109298 | Zig:22   | Identified the +3 rapier of Irritation {flame, rElec rC-
                  | Int+3 Dex+4}
109312 | Zig:23   | Entered Level 23 of a ziggurat
109330 | Zig:23   | Reached skill level 15 in Dodging
109404 | Zig:23   | Identified the +5 broad axe of Qeddegum {heavy, Will+
                  | Dex+3}
109405 | Zig:23   | Identified the staff of cold "Usilufig" {*Corrode rC+ Str+3
                  | Dex+4}
109406 | Zig:23   | Identified the +3 leather armour of Boredom {rN+}
109481 | Zig:24   | Entered Level 24 of a ziggurat
109492 | Zig:24   | Reached skill level 1 in Ice Magic
109492 | Zig:24   | Reached skill level 10 in Air Magic
109504 | Zig:24   | Reached skill level 5 in Ice Magic
109507 | Zig:24   | Found the ring of Shadows {Umbra +Inv Stlth+}
109507 | Zig:24   | Found the +9 staff of Wucad Mu {*channel}
109513 | Zig:24   | Identified the ring "Fyabeg" {Int+3 Dex+6}
109523 | Zig:24   | Identified the +1 hat "Feulat" {rElec Will++ Str-5}
109532 | Zig:24   | Identified the +3 shortbow "Feirut" {freeze, Dex+7}
109559 | Zig:25   | Entered Level 25 of a ziggurat
109593 | Zig:25   | Found the +2 Maxwell's thermic engine {flame, freeze, rev}
109599 | Zig:25   | Identified the +2 pair of boots of Dramatic Exits {Int+4}
109615 | Zig:25   | Identified the staff of cold "Ugaj" {rC+ Str+3 Int+2 Dex-2}
109622 | Zig:25   | Identified the +9 shortbow "Gargoyle's Regret" {elec, rF+}
109623 | Zig:25   | Identified the staff of poison "Danenaka" {rPois Will++
                  | MP+9 Int-5 Dex-2 SInv}
109638 | Zig:26   | Entered Level 26 of a ziggurat
109650 | Zig:26   | Noticed a dread lich
109653 | Zig:26   | Killed a dread lich
109654 | Zig:26   | Reached skill level 10 in Ice Magic
109654 | Zig:26   | Noticed a dread lich
109658 | Zig:26   | Killed a dread lich
109671 | Zig:26   | Noticed a dread lich
109673 | Zig:26   | Killed a dread lich
109713 | Zig:26   | Found the ring of the Octopus King
109720 | Zig:26   | Identified the +4 mace "UltrafastDeath's Peril" {flame,
                  | rPois rC+}
109723 | Zig:26   | Identified a ring of the Octopus King {HP+2 MP+9 AC+2 EV+2
                  | SH+2}
109755 | Zig:26   | Identified the +1 triple crossbow "Zimaguh" {drain, +Blink
                  | rF+}
109764 | Zig:27   | Entered Level 27 of a ziggurat
109774 | Zig:27   | Noticed an ancient lich
109778 | Zig:27   | Noticed an ancient lich
109780 | Zig:27   | Noticed a dread lich
109781 | Zig:27   | Noticed a dread lich
109781 | Zig:27   | Killed an ancient lich
109781 | Zig:27   | Killed an ancient lich
109782 | Zig:27   | Killed a dread lich
109782 | Zig:27   | Noticed a dread lich
109784 | Zig:27   | Killed a dread lich
109785 | Zig:27   | Noticed an ancient lich
109786 | Zig:27   | Killed a dread lich
109786 | Zig:27   | Noticed an ancient lich
109787 | Zig:27   | Reached skill level 27 in Fighting
109787 | Zig:27   | Reached skill level 15 in Air Magic
109788 | Zig:27   | Killed an ancient lich
109788 | Zig:27   | Killed an ancient lich
109829 | Zig:27   | Identified the staff of poison "Fuhankiuce" {rPois Str-3
                  | Int+9}
109831 | Zig:27   | Identified the amulet of the Middle {Reflect Fragile rC++
                  | Dex+5 SH+5}
109953 | Pan      | Entered Pandemonium
109957 | Pan      | Noticed Ytroewyc the pandemonium lord
109967 | Pan      | Killed Ytroewyc the pandemonium lord
109977 | Pan      | Gained mutation: You occasionally shout uncontrollably at
                  | your foes. [a cacodemon]
109994 | Pan      | Gained mutation: You are frail. (-10% HP) [a cacodemon]
110005 | Pan      | Reached skill level 15 in Ice Magic
110598 | Pan      | Noticed Sauv the pandemonium lord
110605 | Pan      | Killed Sauv the pandemonium lord
111622 | Pan      | Noticed a seraph
111625 | Pan      | Killed a seraph
111644 | Pan      | Found a glowing golden altar of the Shining One.
111655 | Pan      | Identified the staff of conjuration "Onloer" {Will+ Stlth+}
111661 | Pan      | Got a demonic rune of Zot
111717 | Depths:1 | Escaped Pandemonium
111721 | Pan      | Entered Pandemonium
111760 | Pan      | Noticed Aseef the pandemonium lord
111764 | Pan      | Killed Aseef the pandemonium lord
112820 | Pan      | Noticed Inweazaton the pandemonium lord
112827 | Pan      | Killed Inweazaton the pandemonium lord
113172 | Pan      | Found a huge runed translucent gate.
113176 | Pan      | Found a huge runed translucent gate.
113177 | Pan      | Found a huge runed translucent gate.
113177 | Pan      | Found a huge runed translucent gate.
113177 | Pan      | Found a huge runed translucent gate.
113177 | Pan      | Found a huge runed translucent gate.
113268 | Pan      | Found a huge runed translucent gate.
113281 | Pan      | Noticed Ote Qakhliut the pandemonium lord
113285 | Pan      | Killed Ote Qakhliut the pandemonium lord
113463 | Pan      | Entered the realm of Cerebov.
113957 | Pan      | Identified the +2 robe "Joenn" {rElec rC- Slay+2 Stlth+}
113966 | Pan      | Identified the ring of Qoiroiti {*Corrode rPois rN+ Will+
                  | Dex+3}
114091 | Pan      | Identified the ring "Neigy" {rF+ rN++ EV+5 Slay+3 SInv}
114200 | Pan      | Identified the +2 scale mail "Qidieso" {Dex+5}
114216 | Pan      | Identified the ring of Attitude {+Blink rC+ rN+ Str+4
                  | Int-2}
114235 | Pan      | Identified the +6 hand axe of Expedience {flame, rPois rN+
                  | rCorr}
114260 | Pan      | Identified the +0 ring mail of the Nexus {rElec rPois
                  | Int-4}
114261 | Pan      | Identified the +1 dagger of Bloody Death {distort, rElec
                  | rF+ Int+3}
114289 | Pan      | Identified the +6 scale mail "Paholome" {-Cast rElec rPois}
114318 | Pan      | Found the +6 sword of Cerebov {flame}
114318 | Pan      | Noticed Cerebov
114354 | Pan      | Killed Cerebov
114434 | Pan      | Got a fiery rune of Zot
114536 | Pan      | Gained mutation: You are very frail. (-20% HP) [a neqoxec]
114537 | Pan      | Noticed Keunuudo the pandemonium lord
115151 | Pan      | Noticed Veythrin the pandemonium lord
115154 | Pan      | Killed Veythrin the pandemonium lord
115393 | Pan      | Entered the realm of Lom Lobon.
115394 | Pan      | Acquired 1318 gold pieces
115718 | Pan      | Found an exit through the horrors of the Abyss.
116260 | Pan      | Noticed Lom Lobon
116282 | Pan      | Killed Lom Lobon
116303 | Pan      | Got a magical rune of Zot
117025 | Pan      | Noticed Cegip the pandemonium lord
117032 | Pan      | Killed Cegip the pandemonium lord
117145 | Pan      | Identified the +4 chain mail of Unreason {rF+ Str+3 Dex+2}
117162 | Pan      | Found an exit through the horrors of the Abyss.
117379 | Pan      | Entered the realm of Gloorx Vloq.
117643 | Pan      | Reached skill level 27 in Necromancy
117789 | Pan      | Noticed Gloorx Vloq
117798 | Pan      | Killed Gloorx Vloq
117799 | Pan      | Reached skill level 5 in Staves
117926 | Pan      | Got a dark rune of Zot
117965 | Pan      | Entered the realm of Mnoleg.
117976 | Pan      | Found an exit through the horrors of the Abyss.
118442 | Pan      | Noticed Mnoleg
118449 | Pan      | Killed Mnoleg
118468 | Pan      | Reached skill level 5 in Throwing
118515 | Pan      | Got a glowing rune of Zot
118604 | Pan      | Gained mutation: You are dopey. (Int -2) [a cacodemon]
118606 | Pan      | Lost mutation: Armour fits poorly on your strangely shaped
                  | body. [potion of mutation]
118606 | Pan      | Lost mutation: You possess an exceptional clarity of mind.
                  | [potion of mutation]
118606 | Pan      | Lost mutation: You occasionally shout uncontrollably at
                  | your foes. [potion of mutation]
118606 | Pan      | Gained mutation: You are strong-willed. (Will+) [potion of
                  | mutation]
118606 | Pan      | Gained mutation: You have a pair of small horns on your
                  | head. [potion of mutation]
118607 | Pan      | Lost mutation: You are very frail. (-20% HP) [potion of
                  | mutation]
118607 | Pan      | Lost mutation: You are strong-willed. (Will+) [potion of
                  | mutation]
118607 | Pan      | Gained mutation: You possess an exceptional clarity of
                  | mind. [potion of mutation]
118607 | Pan      | Gained mutation: You are partially covered in iridescent
                  | scales. (AC +2) [potion of mutation]
118613 | Pan      | Lost mutation: You are dopey. (Int -2) [potion of mutation]
118613 | Pan      | Lost mutation: You are partially covered in iridescent
                  | scales. (AC +2) [potion of mutation]
118613 | Pan      | Gained mutation: You expend magic power (3 MP) to
                  | strengthen your wands. [potion of mutation]
118613 | Pan      | Gained mutation: You are partially covered in large bone
                  | plates. (SH +4) [potion of mutation]
118614 | Pan      | Lost mutation: Your natural rate of healing is unusually
                  | fast. [potion of mutation]
118614 | Pan      | Lost mutation: You expend magic power (3 MP) to strengthen
                  | your wands. [potion of mutation]
118614 | Pan      | Gained mutation: You have large cloven feet. [potion of
                  | mutation]
118614 | Pan      | Gained mutation: You have a pair of horns on your head.
                  | [potion of mutation]
118615 | Pan      | Lost mutation: You have a pair of horns on your head.
                  | [potion of mutation]
118615 | Pan      | Lost mutation: You have a pair of small horns on your head.
                  | [potion of mutation]
118615 | Pan      | Gained mutation: Your body sometimes deteriorates upon
                  | taking damage. [potion of mutation]
118615 | Pan      | Gained mutation: You are vulnerable to heat. (rF-) [potion
                  | of mutation]
118621 | Pan      | Lost mutation: Your body sometimes deteriorates upon taking
                  | damage. [potion of mutation]
118621 | Pan      | Lost mutation: You are frail. (-10% HP) [potion of
                  | mutation]
118621 | Pan      | Gained mutation: You passively dampen the noise of your
                  | surroundings. [potion of mutation]
118621 | Pan      | Gained mutation: You are partially covered in iridescent
                  | scales. (AC +2) [potion of mutation]
118621 | Pan      | Gained mutation: You are covered in fur. (AC +1) [potion of
                  | mutation]
118621 | Pan      | Gained mutation: You have hidden genetic potential. [potion
                  | of mutation]
119380 | Pan      | Noticed Docuuph the pandemonium lord
119384 | Pan      | Killed Docuuph the pandemonium lord
120081 | Pan      | Noticed Imuorho the pandemonium lord
120085 | Pan      | Killed Imuorho the pandemonium lord
120117 | Pan      | Identified the staff of earth "Raebiene" {Will+}
120235 | Pan      | Found an exit through the horrors of the Abyss.
120327 | Pan      | Took an exit into the Abyss.
120327 | Abyss:3  | Escaped into the Abyss
120327 | Abyss:3  | Found a corrupted altar of Lugonu.
120434 | Depths:1 | Escaped the Abyss
120471 | Depths:1 | Learned a level 5 spell: Irradiate
120472 | Hell     | Entered the Vestibule of Hell
120472 | Hell     | Noticed Geryon
120477 | Hell     | Killed Geryon
120529 | Hell     | Gained mutation: You are weak. (Str -2) [a cacodemon]
120538 | Hell     | Found a gateway to the ashen valley of Gehenna.
120587 | Geh:1    | Entered Level 1 of Gehenna
121276 | Geh:4    | Reached skill level 15 in Evocations
121307 | Geh:4    | Gained mutation: You are covered in thick fur. (AC +2)
                  | [hidden potential]
121597 | Geh:5    | Reached skill level 10 in Staves
122119 | Geh:7    | Entered Level 7 of Gehenna
122295 | Geh:7    | Noticed a dread lich
122296 | Geh:7    | Killed a dread lich
122600 | Geh:7    | Found the amulet of Vitality {RegenMP++ Regen++}
122600 | Geh:7    | Found the +7 sceptre of Asmodeus
122600 | Geh:7    | Noticed Asmodeus
122641 | Geh:7    | Killed Asmodeus
122694 | Geh:7    | Identified the staff of fire "Nobbosio" {Contam rPois rF+
                  | Dex+2}
122712 | Geh:7    | Identified the +2 sling of the Disbelieving Gods {freeze,
                  | +Blink}
122719 | Geh:7    | Identified the +7 halberd "Coeja" {antimagic, Dex+3}
122727 | Geh:7    | Got an obsidian rune of Zot
122738 | Geh:7    | Identified the +6 glaive of the Festooned God {pain, Str+3
                  | Int+3}
122947 | Hell     | Found a gateway to the Iron City of Dis.
123073 | Hell     | Found a gateway to the freezing wastes of Cocytus.
123131 | Hell     | Found a gateway to the decaying netherworld of Tartarus.
123151 | Tar:1    | Entered Level 1 of Tartarus
124333 | Tar:4    | Gained mutation: Your spells are a little harder to cast,
                  | but a little more powerful. [hidden potential]
124333 | Tar:4    | Lost mutation: You have hidden genetic potential. [hidden
                  | potential expressed]
124967 | Tar:6    | Noticed a dread lich
124970 | Tar:6    | Killed a dread lich
125105 | Tar:7    | Entered Level 7 of Tartarus
125343 | Tar:7    | Noticed a dread lich
125347 | Tar:7    | Killed a dread lich
126085 | Tar:7    | Identified the +6 scale mail "Zuats" {rF- Int+2 Dex+7}
126143 | Tar:7    | Noticed Ereshkigal
126147 | Tar:7    | Killed Ereshkigal
126183 | Tar:7    | Found the ring of the Octopus King
126185 | Tar:7    | Identified a ring of the Octopus King {Fly HP+2 AC+2 EV+2
                  | SH+2}
126192 | Tar:7    | Got a bone rune of Zot
126194 | Tar:7    | Identified the +2 scimitar "Buwoun" {drain, Int+2}
126399 | Dis:1    | Entered Level 1 of the Iron City of Dis
126405 | Dis:1    | Reached skill level 10 in Throwing
126873 | Dis:5    | You are sucked into a shaft and drop 1 floor!
126931 | Dis:7    | Entered Level 7 of the Iron City of Dis
127647 | Dis:7    | Noticed Dispater
127657 | Dis:7    | Killed Dispater
127701 | Dis:7    | Identified the +2 scimitar "Puycw" {protect, rPois rF+
                  | rCorr}
127717 | Dis:7    | Got an iron rune of Zot
127839 | Coc:1    | Entered Level 1 of Cocytus
128029 | Coc:3    | Noticed an ancient lich
128031 | Coc:3    | Killed an ancient lich
128197 | Coc:4    | Paralysed by a Zot trap for 2 turns
128461 | Coc:7    | Entered Level 7 of Cocytus
128533 | Coc:7    | Identified the staff of earth "Mitsim" {rCorr MP-9 Int+3
                  | SInv}
128596 | Coc:7    | Identified the +2 shortbow of Mutilation {heavy, rPois rF+
                  | Will- Str+3}
128676 | Coc:7    | Noticed Antaeus
128683 | Coc:7    | Killed Antaeus
128684 | Coc:7    | Found the +4 moon troll leather armour {Spirit, Regen++
                  | MP+5}
128703 | Coc:7    | Got an icy rune of Zot
129106 | Tomb:1   | Entered Level 1 of the Tomb of the Ancients
129500 | Shoals:1 | Bought a scroll of amnesia for 48 gold pieces
129518 | Shoals:1 | Learned a level 8 spell: Necromutation
129520 | Shoals:1 | Learned a level 1 spell: Apportation
129854 | Tomb:1   | Noticed a royal mummy
129855 | Tomb:1   | Noticed a royal mummy
129859 | Tomb:1   | Killed a royal mummy
129860 | Tomb:1   | Noticed a royal mummy
129861 | Tomb:1   | Killed a royal mummy
129864 | Tomb:1   | Killed a royal mummy
129865 | Tomb:1   | Noticed a royal mummy
129867 | Tomb:1   | Noticed a royal mummy
129868 | Tomb:1   | Noticed a royal mummy
129868 | Tomb:1   | Noticed a royal mummy
129869 | Tomb:1   | Killed a royal mummy
129870 | Tomb:1   | Killed a royal mummy
129870 | Tomb:1   | Killed a royal mummy
129872 | Tomb:1   | Killed a royal mummy
129895 | Tomb:1   | Noticed a royal mummy
129901 | Tomb:1   | Killed a royal mummy
129904 | Tomb:1   | Noticed a royal mummy
129906 | Tomb:1   | Noticed a royal mummy
129908 | Tomb:1   | Killed a royal mummy
129908 | Tomb:1   | Noticed a royal mummy
129915 | Tomb:1   | Noticed a royal mummy
129916 | Tomb:1   | Killed a royal mummy
129917 | Tomb:1   | Killed a royal mummy
129917 | Tomb:1   | Killed a royal mummy
129917 | Tomb:1   | Noticed a royal mummy
129920 | Tomb:1   | Killed a royal mummy
129924 | Tomb:1   | Noticed a royal mummy
129927 | Tomb:1   | Killed a royal mummy
129928 | Tomb:1   | Noticed a royal mummy
129928 | Tomb:1   | Noticed a royal mummy
129932 | Tomb:1   | Killed a royal mummy
129932 | Tomb:1   | Killed a royal mummy
129932 | Tomb:1   | Noticed a royal mummy
129935 | Tomb:1   | Killed a royal mummy
129936 | Tomb:1   | Noticed a royal mummy
129938 | Tomb:1   | Noticed a royal mummy
129939 | Tomb:1   | Killed a royal mummy
129942 | Tomb:1   | Killed a royal mummy
129954 | Tomb:1   | Noticed a royal mummy
129956 | Tomb:1   | Killed a royal mummy
130082 | Tomb:1   | Noticed a royal mummy
130085 | Tomb:1   | Killed a royal mummy
130250 | Tomb:1   | Noticed a royal mummy
130270 | Tomb:1   | Killed a royal mummy
130340 | Tomb:1   | Noticed a royal mummy
130344 | Tomb:1   | Killed a royal mummy
130914 | Tomb:2   | Noticed a royal mummy
130914 | Tomb:2   | Noticed a royal mummy
130917 | Tomb:2   | Noticed a royal mummy
130922 | Tomb:2   | Noticed a royal mummy
130925 | Tomb:2   | Killed a royal mummy
130925 | Tomb:2   | Killed a royal mummy
130925 | Tomb:2   | Killed a royal mummy
130926 | Tomb:2   | Reached skill level 10 in Transmutations
130929 | Tomb:2   | Killed a royal mummy
131000 | Tomb:2   | Identified the +0 robe of the Pink Corner {Will- Regen+
                  | Str+2 Int+5}
131392 | Tomb:3   | Entered Level 3 of the Tomb of the Ancients
131404 | Tomb:3   | Noticed a royal mummy
131404 | Tomb:3   | Noticed a royal mummy
131406 | Tomb:3   | Killed a royal mummy
131408 | Tomb:3   | Killed a royal mummy
131409 | Tomb:3   | Noticed a royal mummy
131411 | Tomb:3   | Killed a royal mummy
131411 | Tomb:3   | Noticed a royal mummy
131415 | Tomb:3   | Killed a royal mummy
131417 | Tomb:3   | Noticed a royal mummy
131419 | Tomb:3   | Noticed a royal mummy
131420 | Tomb:3   | Killed a royal mummy
131422 | Tomb:3   | Killed a royal mummy
131431 | Tomb:3   | Noticed a royal mummy
131433 | Tomb:3   | Killed a royal mummy
131435 | Tomb:3   | Noticed a royal mummy
131439 | Tomb:3   | Killed a royal mummy
131456 | Tomb:3   | Identified the +0 robe "Peacwoot" {rPois}
131542 | Tomb:3   | Found the +0 mask of the Dragon {Will+ Slay+3 SInv}
131557 | Tomb:3   | Identified the +2 buckler of Gluttony {Rampage Fly Regen+
                  | Stlth-}
131572 | Tomb:3   | Found the amulet of the Air {Inacc Air Fly rElec RMsl}
131703 | Tomb:3   | Noticed a royal mummy
131707 | Tomb:3   | Killed a royal mummy
131716 | Tomb:3   | Got a golden rune of Zot
132396 | Zot:5    | Got the Orb of Zot
132495 | Zot:3    | Gained mutation: Armour fits poorly on your strangely
                  | shaped body. [a cacodemon]
132970 | D:4      | Noticed Rits the pandemonium lord
132975 | D:4      | Killed Rits the pandemonium lord
132976 | D:4      | Killed Pikel
133071 | D:$      | Escaped with the Orb!

Illustrated notes

Levels and vault maps discovered:
D:1:      dpeg_arrival_stone_temple_mockup, layout_loops_ring
D:2:      layout_loops_ring, serial_undead, serial_undead_b, serial_undead_c,
          serial_undead_f, serial_undead_f
D:3:      layout_basic, nicolae_half_adder
D:4:      layout_basic, good_gods_temple_1, nicolae_sif_muna_condensation,
          minmay_temple_entry_enclosed_plants, uniq_pikel
D:5:      layout_basic, mainiacjoe_overflow_chevrons, general_overflow_altar,
          kennysheep_mini_moat, serial_shops, shop, uniq_ijyb
D:6:      layout_rooms, minitemple, serial_glass, glass_columns_b,
          glass_columns_b, glass_columns_c, glass_columns_c, glass_columns_a,
          glass_columns_b, glass_columns_a, glass_columns_b, uniq_maggie,
          uniq_blork_the_orc
D:7:      layout_loops_ring, kennysheep_mini, kiku_gazebo_garden_becter,
          doesnt_shop_hydraphobe
D:8:      layout_loops_ring, evilmike_ruin_ashenzari,
          nicolae_ru_the_path_less_chosen, uniq_prince_ribbit1, uniq_erica
D:9:      layout_roguey
D:10:     layout_cave_pods, dreamdust_wishing_well,
          minmay_fractal_squares_gapless_7
D:11:     layout_irregular_city, due_lair_maze_entry_diamond
D:12:     lemuel_ice_spiral_2, layout_rooms, orc_0_dummy,
          portal_ice_cave_entry_animals_and_master, minivault_1,
          kennysheep_four_rooms
D:13:     fort_yaktaur, layout_loops_ring, gammafunk_ghost_smash, uniq_urug,
          uniq_nessos
D:14:     layout_rooms, erik_vaults_2, serial_shops, shop,
          grunt_decor_one_mirror
D:15:     grunt_enter_depths_snipers, layout_basic, trog_three_pillars_becter
Temple:   corrupted_temple
Lair:1:   layout_chaotic_city, ebering_ghost_xom, grunt_megastairs_3
Lair:2:   layout_cave_pods, elwin_shoals_entry_rooms, serial_bayou_shore_b
Lair:3:   layout_hall_layers, nicolae_spider_entry_tight_spaces,
          cheibrodos_lair_reptile_den
Lair:4:   layout_loops_ring, forest_entry_grove
Lair:5:   guppyfry_lair_end_dragon, layout_regular_city, wormcave,
          slime_entry_1, serial_bayou_lagoon_a, st_stairs_3
Shoals:1: layout_shoals, serial_shops, nicolae_take_the_stairs,
          nicolae_shoals_spring_well_temple
Shoals:2: layout_shoals, uniq_ilsuiw
Shoals:3: cheibrodos_shoals_roost, layout_shoals
Shoals:4: shoals_end_grunt_garden, layout_shoals, nicolae_shoals_mertower,
          uniq_polyphemus
Spider:1: nicolae_spider_mines_3, einodemon_crawler_minivault
Spider:2: nicolae_spider_hall_of_the_moth_king, nicolae_spider_undead_wolf_pack
Spider:3: layout_spider_delve, nicolae_spider_checkerboard, uniq_mara
Spider:4: hellmonk_spider_rune_bug_friends
Slime:1:  layout_caves, nicolae_slime_getting_an_eyeful
Slime:2:  layout_caves
Slime:3:  layout_caves
Slime:4:  cheibrodos_slime_lost_civilization_3, layout_caves
Slime:5
Orc:1:    layout_caves, uniq_sonja
Orc:2:    grunt_orc_community_town_hall, layout_caves,
          grunt_orc_community_big_house_2, grunt_orc_community_big_house_1,
          grunt_orc_community_house_1, grunt_orc_community_house_3,
          grunt_orc_community_house_2, grunt_orc_community_house_3,
          grunt_orc_community_house_1, nicolae_orc_lava_room, uniq_jorgrun,
          uniq_maurice
Elf:1:    layout_geoelf_grid, serial_shops, nicolae_shop_crystal,
          minmay_elf_sorcery, grunt_ministairs_6, abandoned_shop,
          dreamdust_mushroom_princess
Elf:2:    elven_hall_of_blades_hangedman_original [grunt_blade_entry_basic],
          layout_geoelf_grid
Elf:3:    minmay_elf_hall_statues, layout_onion_city
Vaults:1: vaults_mumra_chevron, ontoclasm_vaults_chip,
          nicolae_vaults_border_crossing, nicolae_vaults_diagonal_hallway_7,
          ontoclasm_vaults_misaligned, vaults_dpeg_ring,
          hangedman_vaults_capsules, v_misc_23, vaults_room_fancy_cross,
          nicolae_vaults_ring_of_whatevers, ontoclasm_vaults_eye,
          nicolae_vaults_mini_display_case, nicolae_vaults_three_branches,
          vaults_mumra_lcd, layout_vaults_big_room, uniq_donald
Vaults:2: ontoclasm_vaults_spin, nicolae_vaults_big_ls,
          nicolae_vaults_an_arrangement, nicolae_vaults_network_barrier,
          hangedman_vaults_stitches, nicolae_vaults_big_angled_halls,
          vaults_mumra_hexcomb, v_pattern_3, v_misc_25, layout_vaults_omnicross,
          dummy_crypt_entry
Vaults:3: v_misc_1, vaults_standard_mumra_lines, nicolae_vaults_hallways_thing,
          v_alt_pattern_4, grunt_vaults_funnel, nicolae_vaults_shelves_hall,
          dpeg_vaults_monster_box, v_misc_18, vaults_room_corners,
          grunt_vaults_hallway_long, nicolae_vaults_angled_halls,
          layout_vaults_quadrants, nicolae_trove_entry_columns
Vaults:4: hangedman_vaults_stagger, vaults_room_pools, vaults_room_door_ring,
          nicolae_vaults_disjoint_gnomons, st_check,
          vaults_mumra_minichess_inversion, v_misc_24,
          nicolae_vaults_little_squares_4, hangedman_vaults_slice, v_misc_12,
          nicolae_vaults_what_the_h, layout_vaults_omnibox, uniq_jory,
          uniq_zenata
Vaults:5
Crypt:1:  layout_gridlike, corexii_leaking_fountain, grunt_crypt_arrival_split,
          grunt_megastairs_5, uniq_frederick, uniq_bai_suzhen, uniq_grunn
Crypt:2:  layout_regular_city, door_vault
Crypt:3:  due_elkab, layout_chaotic_city, tomb_entry_simple_bobbens
Tomb:1
Tomb:2
Tomb:3
Depths:1: layout_basic, enter_ziggurat_f, kennysheep_nub, abyss_entry_crystal,
          pf_vacation_house_of_asmodeus, pan_entry, hex_tiny, laboratory
Depths:2: minmay_box_of_statues, layout_honeycomb, serial_shops,
          nicolae_shop_bloodbath_and_beyond, pan_entry,
          hangedman_tar_grid_catacomb, solitary_fountain, grunt_ministairs_15
Depths:3: nicolae_fronds_of_death, layout_gridlike,
          abyss_entry_small_statue_room, rand_demon_pan_entry_4,
          minmay_misc_feat_encased, hell_entry, infiniplex_enter_wizlab_glasses,
          uniq_sojobo
Depths:4: evilmike_zot_entry_gauntlet, layout_cave_pools, hell_entry, pan_entry,
          nrook_kobold_shadow_demons
Hell
Dis:1:    layout_subdivisions, nicolae_dis_emergency_hatch
Dis:2:    layout_regular_city
Dis:3:    layout_jigsaw
Dis:4:    layout_regular_city
Dis:5:    layout_jigsaw
Dis:6:    layout_subdivisions
Dis:7:    iron_city_of_dis [dis_grunt, dis_wall_5], layout_gridville
Geh:1:    layout_gehenna_lava_caves, lemuel_flamethrower_2
Geh:2:    layout_gehenna_pools_box
Geh:3:    layout_gehenna_pools_basic, nicolae_geh_fiery_graves
          [nicolae_geh_single_fiery_grave, nicolae_geh_single_fiery_grave,
          nicolae_geh_single_fiery_grave, nicolae_geh_single_fiery_grave,
          nicolae_geh_single_fiery_grave, nicolae_geh_single_fiery_grave,
          nicolae_geh_single_fiery_grave, nicolae_geh_single_fiery_grave,
          nicolae_geh_single_fiery_grave]
Geh:4:    layout_gehenna_pools_triple, nicolae_geh_single_fiery_grave
Geh:5:    layout_gehenna_lava_caves
Geh:6:    layout_gehenna_lava_caves
Geh:7:    geh_mu
Coc:1:    layout_cocytus_delve
Coc:2:    nicolae_hells_demon_pit, layout_ice_bergs
Coc:3:    nicolae_coc_bergin, layout_ice_bergs
Coc:4:    layout_ice_bergs, serial_ice, serial_ice_o, serial_ice_e, serial_ice_b
Coc:5:    layout_ice_bergs
Coc:6:    nicolae_coc_icebeans_plural [nicolae_sub_coc_subbean,
          nicolae_sub_coc_subbean, nicolae_sub_coc_subbean,
          nicolae_sub_coc_subbean], layout_cocytus_delve
Coc:7:    coc_mu
Tar:1:    layout_catacombs
Tar:2:    layout_catacombs, nicolae_tar_cuneiform_not
Tar:3:    layout_grid_maze
Tar:4:    layout_honeycomb
Tar:5:    layout_honeycomb
Tar:6:    layout_cathedral_of_symmetry
Tar:7:    tar_minmay_river
Zot:1:    layout_twisted_circle, grunt_ministairs_9
Zot:2:    layout_misc_corridors, lemuel_elevator
Zot:3:    grunt_deathspiral_small, layout_onion
Zot:4:    layout_onion
Zot:5:    layout_onion

Skill      XL: |  1  2  3  4  5  6  7  8  9 10 11 12 13 14 15 16 17 18 19 20 21 22 23 24 25 26 27 |
---------------+----------------------------------------------------------------------------------+-----
Fighting       | 1 2 3 4 5 8 9 12 27 | 27.0
Earth Magic    | 4 5 6 8 9 11 12 14 15 16 17 21 27 | 27.0
Stealth        | 3 4 7 8 23 | 23.1
Spellcasting   | 3 4 5 6 7 8 10 11 13 14 15 16 17 18 19 21 27 | 27.0
Short Blades   | 1 2 |  2.0
Shields        | 2 5 8 14 15 17 18 | 18.0
Conjurations   | 5 7 8 10 12 13 14 17 21 27 | 27.0
Throwing       | 1 3 4 14 | 14.4
Transmutations | 1 3 5 6 13 | 13.4
Evocations     | 1 6 19 | 19.2
Fire Magic     | 4 10 12 13 15 17 19 21 22 27 | 27.0
Dodging        | 2 6 15 | 15.0
Staves         | 2 4 14 | 14.0
Necromancy     | 27 | 27.0
Armour         | 18 | 18.0
Air Magic      | 23 | 23.6
Ice Magic      | 25 | 25.5

Action                     |  1- 3 |  4- 6 |  7- 9 | 10-12 | 13-15 | 16-18 | 19-21 | 22-24 | 25-27 || total
---------------------------+-------+-------+-------+-------+-------+-------+-------+-------+-------++-------
  Melee: Dagger            |    19 |    15 |    21 |       |       |       |       |       |       ||    55
         Short sword       |       |    49 |       |    11 |       |       |       |       |       ||    60
         Staff             |       |       |       |    40 |    36 |    55 |    58 |    72 |  1729 ||  1990
  Throw: Dart              |       |     1 |     3 |     9 |     4 |       |       |       |       ||    17
   Cast: Sandblast         |    46 |   109 |    50 |   137 |   111 |    80 |     3 |       |       ||   536
         Stone Arrow       |       |       |    47 |   169 |   486 |   352 |   248 |   144 |    31 ||  1477
         Lee's Rapid Decon |       |       |       |    15 |    25 |    20 |   105 |    98 |    94 ||   357
         Foxfire           |       |       |       |     5 |     8 |     2 |       |       |       ||    15
         Petrify           |       |       |       |     3 |     4 |       |     2 |     7 |       ||    16
         Poisonous Vapours |       |       |       |     5 |    71 |    72 |    12 |       |       ||   160
         Inner Flame       |       |       |       |     1 |    52 |    42 |    10 |     1 |       ||   106
         Irradiate         |       |       |       |       |     5 |    15 |    13 |    37 |    53 ||   123
         Fireball          |       |       |       |       |     4 |   201 |    15 |     3 |     7 ||   230
         Borgnjor's Vile C |       |       |       |       |     2 |     3 |    34 |     7 |    19 ||    65
         Ignition          |       |       |       |       |       |    51 |   123 |    24 |   228 ||   426
         Passwall          |       |       |       |       |       |     3 |       |       |     3 ||     6
         Fire Storm        |       |       |       |       |       |       |       |    76 |   808 ||   884
         Yara's Violent Un |       |       |       |       |       |       |       |     4 |       ||     4
         Lehudib's Crystal |       |       |       |       |       |       |       |       |  1207 ||  1207
         Shatter           |       |       |       |       |       |       |       |       |   592 ||   592
         Chain Lightning   |       |       |       |       |       |       |       |       |    28 ||    28
         Polar Vortex      |       |       |       |       |       |       |       |       |    16 ||    16
         Necromutation     |       |       |       |       |       |       |       |       |    10 ||    10
         Death's Door      |       |       |       |       |       |       |       |       |     1 ||     1
  Evoke: Wand              |       |     2 |     8 |    10 |       |    10 |     8 |       |    47 ||    85
         Phantom mirror    |       |       |       |       |       |     1 |     2 |     2 |     8 ||    13
         Condenser vane    |       |       |       |       |       |     1 |     2 |       |     9 ||    12
         Phial of floods   |       |       |       |       |       |       |       |     1 |       ||     1
         Tin of tremorston |       |       |       |       |       |       |       |       |    15 ||    15
         Box of beasts     |       |       |       |       |       |       |       |       |     5 ||     5
         Figurine of a zig |       |       |       |       |       |       |       |       |     1 ||     1
    Use: Scroll            |     2 |     4 |     8 |     3 |    11 |    11 |     9 |     2 |    50 ||   100
         Potion            |       |       |       |     1 |     3 |     4 |    10 |    10 |    76 ||   104
   Stab: Sleeping          |       |     2 |     1 |       |       |     1 |       |     1 |     8 ||    13
         Distracted        |       |     1 |       |       |       |       |       |       |     2 ||     3
         Petrified         |       |       |       |    11 |       |       |       |       |     2 ||    13
         Paralysed         |       |       |       |       |       |       |       |       |     3 ||     3
 Armour: Robe              |    10 |    42 |    18 |   142 |   214 |   309 |   148 |    38 |  1324 ||  2245
         Quicksilver drago |       |       |       |       |       |       |       |    35 |     2 ||    37
         Skin              |       |       |       |       |       |       |       |       |    25 ||    25
         Acid dragon scale |       |       |       |       |       |       |       |       |    10 ||    10
  Dodge: Dodged            |    23 |    68 |    22 |   144 |   170 |   216 |   145 |    62 |  1362 ||  2212
  Block: Other             |       |     6 |       |       |       |       |       |       |       ||     6
         Buckler           |       |       |    25 |   161 |   207 |   283 |   104 |    33 |       ||   813
         Reflection        |       |       |     2 |     1 |    20 |    28 |    14 |    17 |    85 ||   167
         Kite shield       |       |       |       |       |       |       |       |    63 |  2577 ||  2640

Table legend: (Time is in decaauts)
 A = Elapsed time spent in this place.
 B = Non-inter-level travel time spent in this place.
 C = Inter-level travel time spent in this place.
 D = Time resting spent in this place.
 E = Time spent auto-exploring this place.
 F = Levels seen in this place.
 G = Mean time per level.
                   A        B        C        D        E       F      G
               +--------+--------+--------+--------+--------+-----+--------+
         Total | 133742 | 124191 |   9551 |  49933 |  39623 | 167 |  800.9 |
       Dungeon |  25083 |  21533 |   3550 |   8456 |   9089 |  15 | 1672.2 |
        Temple |     39 |     39 |      0 |      0 |      0 |   1 |   39.0 |
          Lair |  11053 |   9929 |   1124 |   4852 |   3659 |   5 | 2210.6 |
        Shoals |   7813 |   7581 |    232 |   3529 |   2603 |   4 | 1953.2 |
   Spider Nest |   8976 |   8759 |    217 |   5524 |   1660 |   4 | 2244.0 |
    Slime Pits |   2180 |   2138 |     42 |   1378 |    325 |   5 |  436.0 |
  Orcish Mines |   3536 |   3035 |    501 |   1357 |   1026 |   2 | 1768.0 |
   Elven Halls |   4005 |   3938 |     67 |   1087 |   2063 |   3 | 1335.0 |
        Vaults |  14408 |  13050 |   1358 |   6323 |   4466 |   5 | 2881.6 |
         Crypt |   4945 |   4378 |    567 |   1387 |   1706 |   3 | 1648.3 |
          Tomb |   2061 |   2019 |     42 |    573 |    286 |   3 |  687.0 |
        Depths |  10827 |   9817 |   1010 |   5038 |   2734 |   4 | 2706.8 |
          Hell |    542 |    536 |      6 |     59 |    157 |   1 |  542.0 |
           Dis |   1395 |   1395 |      0 |    395 |    357 |   7 |  199.3 |
       Gehenna |   2251 |   2228 |     23 |    551 |    226 |   7 |  321.6 |
       Cocytus |    992 |    992 |      0 |    124 |     93 |   7 |  141.7 |
      Tartarus |   3161 |   3101 |     60 |    904 |   1239 |   7 |  451.6 |
           Zot |   8313 |   7565 |    748 |   3178 |   2870 |   5 | 1662.6 |
         Abyss |   3982 |   3982 |      0 |    763 |    497 |   4 |  995.5 |
   Pandemonium |  10369 |  10369 |      0 |   1264 |   4146 |  20 |  518.5 |
      Ziggurat |   6202 |   6202 |      0 |   2116 |    232 |  54 |  114.9 |
        Wizlab |   1598 |   1598 |      0 |   1071 |    188 |   1 | 1598.0 |
               +--------+--------+--------+--------+--------+-----+--------+

Top non-repeatable levels by time:
Vaults:2: 4895 daAuts
Spider:3: 3369 daAuts
Depths:1: 3205 daAuts
Depths:2: 3058 daAuts
  Lair:5: 3014 daAuts
   Orc:2: 2972 daAuts
    D:10: 2894 daAuts
    D:13: 2884 daAuts
Depths:3: 2860 daAuts
Shoals:3: 2752 daAuts
  Lair:2: 2694 daAuts
Vaults:3: 2425 daAuts
Vaults:5: 2380 daAuts
Vaults:4: 2357 daAuts
Vaults:1: 2349 daAuts
